Workbook
Name end_date: Inputs!$C$3
Name start_date: Inputs!$C$2

Sheet About KYROS
B7: KYROS builds solutions for teams responsible for financial aspects of loyalty programs. Our solutions help programs to optimize breakage, manage program liability and cashflow, support financial reporting and auditor reviews, scenario test financial impacts of program strategies, and measure and optimize program performance. In other words, we help to prove the value of loyalty programs, and help convince CFOs to invest in them. KYROS is the only actuarial firm globally that solely focuses on loyalty programs. Our intense focus in this specialized field gives us the unique ability to design solutions to meet the nuanced actuarial needs of modern loyalty programs.
B9: Want to learn more?
B10: Visit our website
B11: Email us

Sheet Info
B2: Introduction | G2: Disclaimer
B3: This file illustrates a basic URR estimation technique - the earn month approach. There are some fundamental flaws with this approach, such as its inability to respond to mix shift, but it is the most actuarially sound method that can be performed in an Excel spreadsheet. For large loyalty programs, we recommend using more sophisticated techniques. | G3: The information and materials available in this Excel file ("Materials") are for informational or educational purposes only. Opinions, reviews, and recommendations expressed through the Materials are the opinions of the individual author and may not be used as a substitute for competent professional advice. The Materials should not form the primary basis for any decision that you make in relation to matters referred to herein. Please carefully review the Materials and perform such due diligence as you deem fit, including consulting your own independent legal, tax, accountancy and other professional or specialist advisors, as necessary or appropriate.
B4: Read more about the spectrum of URR estimation techniques here
B5: This model requires redeemed points to be allocated to specific earned points. This allocation is often performed on a FIFO basis for each individual member, which can be a difficult calculation to perform. KYROS is offering users of this model a special discount to perform this FIFO allocation on your loyalty program's data and produce the required inputs for this file. | G5: KYROS Insights makes no warranties, or guarantees, express or implied, nor does it represent that the Materials are accurate, complete, reliable, or free of errors or that they pertain to your particular circumstance or situation. To the extent permitted by law, we disclaim any and all liability, loss, expenses or damage pertaining to your use, or download of the Materials.
B6: Click here for more details
G7: Watch this video to learn how to use this file
B8: Tab | C8: Description
B9: Summary | C9: Selected URR based on several indications Each row represents an earn month, with earned points, redeemed points, expired points and outstanding points summarized in Columns (2) through (5). Redeemed and expired points must be allocated to the points earned in the given month, typically based on a FIFO allocation The indicated URRs from Rdm_Dev and Exp_Dev are shown in Columns (9) and (10) Select the URR on EP in Column (11) based on the indications. The URR on OS is then calculated in Column (12). Check that the URR on OS does not fall below 0% or above 100%
B10: Rdm_Dev | C10: Indicated URR on EP based on redemption percentage development Each row represents an earn month, with earned points and redeemed points summarized in Columns (2) and (3). Redeemed points must be allocated to the points earned in the given month, usually using a FIFO allocation The selected ultimate development factors from EM_Tri_Rdm are shown in Column (6), and the indicated URR on EP is shown in Column (7)
B11: Exp_Dev | C11: This tab is the same as Rdm_Dev, with redemptions replaced by expirations
B12: EM_Tri_Rdm | C12: Development triangle for point redemptions The first triangle (in yellow) displays the actual cumulative development pattern of point redemptions, with each row representing an earn month and each column representing the earn month age (in months) The second triangle (in orange) displays the redemption development factors. which are calculated as cumulative redemptions at time X / cumulative redemptions at time X-1 for a given earn month The final section (in green) displays averages of the development factors for a given development period from the above triangle. You can change the number of earn months included in the averages by changing the blue numbers on the left. Based on these averages, select a development factor for each development period in row 127 (labeled Selected). If necessary, select a tail factor in cell BD128 to include development beyond the periods included in the triangle
B13: EM_Tri_Exp | C13: This tab is the same as EM_Tri_Rdm, with redemptions replaced by expirations
B14: Data | C14: Enter earn month development data. Do not move, add or delete columns. Note that this data is often provided by your actuary. Earn month is entered as the 1st of the month, and represents points earned in that month. Example: 7/1/2015 Earn month age represents the number of months since the end of the earn month that the data is observed. Example: Earn month age 0 represents redemptions and expirations that occur during the earn month, earn month age 1 represents redemptions and expirations that occur in the following month, etc. Earned points represent the number of points earned in the given earn month. This field should not change as earn month age increases. Redeemed points and expired points represent the cumulative number of points redeemed and expired that were originally earned in the given earn month. The sum of redeemed and expired points should never exceed the corresponding number of earned points. Redeemed and expired points must be allocated to points earned in a month, usually in a FIFO way. Observation date is a calculated field based on earn month and earn month age.
B15: Inputs | C15: Enter the first and last earn months in your data. Should be entered as the 1st of the month. Example: 7/1/2015
B17: Definitions
B18: FIFO | C18: First-in, first-out: Point redemptions are tied to the member’s earliest earned points (first in) that remain outstanding
B19: URR on EP | C19: Ultimate redemption rate on earned points = Percent of all points earned to date that have already or will ultimately be redeemed
B20: URR on OS | C20: Ultimate redemption rate on outstanding points = Percent of all points currently outstanding that will ultimately be redeemed
B21: URR | C21: When not otherwise indicated, URR implies URR on EP

Sheet Summary
J2: Indicated URR | K2: Indicated URR
C3: Earned | D3: Redeemed | E3: Expired | F3: Outstanding | G3: Cumulative | H3: Cumulative | J3: Based on | K3: Based on | L3: Selected | M3: Selected
B4: Earn Month | C4: Points | D4: Points to Date | E4: Points to Date | F4: Points | G4: % Redeemed | H4: % Expired | I4: % Outstanding | J4: Redemptions | K4: Expirations | L4: URR on EP | M4: URR on OS
B5: -1 | C5: =B5-1 -> -2 | D5: =C5-1 -> -3 | E5: =D5-1 -> -4 | F5: =E5-1 -> -5 | G5: =F5-1 -> -6 | H5: =G5-1 -> -7 | I5: =H5-1 -> -8 | J5: =I5-1 -> -9 | ... M5: =L5-1 -> -12
B7: =start_date -> 42186 | C7: =SUMIFS(Data!$C:$C,Data!$A:$A,$B7,Data!$B:$B,0) -> 16708588 | D7: =SUMIFS(Data!$D:$D,Data!$A:$A,$B7,Data!$F:$F,end_date) -> 9379020 | E7: =SUMIFS(Data!$E:$E,Data!$A:$A,$B7,Data!$F:$F,end_date) -> 7261152 | F7: =C7-D7-E7 -> 68415.855 | G7: =D7/$C7 -> 0.5613293 | H7: =E7/$C7 -> 0.43457604 | I7: =F7/$C7 -> 0.0040946521 | J7: =Rdm_Dev!H7 -> 0.5613293 | K7: =Exp_Dev!H7 -> 0.56542396 | L7: =AVERAGE(J7:K7) -> 0.56337663 | M7: =(L7*C7-D7)/F7 -> 0.5
B8: =EDATE(B7,1) -> 42217 | C8: =SUMIFS(Data!$C:$C,Data!$A:$A,$B8,Data!$B:$B,0) -> 16153560 | D8: =SUMIFS(Data!$D:$D,Data!$A:$A,$B8,Data!$F:$F,end_date) -> 9458075 | E8: =SUMIFS(Data!$E:$E,Data!$A:$A,$B8,Data!$F:$F,end_date) -> 6626928 | F8: =C8-D8-E8 -> 68556.879 | G8: =D8/$C8 -> 0.58551026 | H8: =E8/$C8 -> 0.41024567 | I8: =F8/$C8 -> 0.0042440725 | J8: =Rdm_Dev!H8 -> 0.58576476 | K8: =Exp_Dev!H8 -> 0.58944312 | L8: =AVERAGE(J8:K8) -> 0.58760394 | M8: =(L8*C8-D8)/F8 -> 0.49331992
B9: =EDATE(B8,1) -> 42248 | C9: =SUMIFS(Data!$C:$C,Data!$A:$A,$B9,Data!$B:$B,0) -> 15219958 | D9: =SUMIFS(Data!$D:$D,Data!$A:$A,$B9,Data!$F:$F,end_date) -> 8375755 | E9: =SUMIFS(Data!$E:$E,Data!$A:$A,$B9,Data!$F:$F,end_date) -> 6789120 | F9: =C9-D9-E9 -> 55082.908 | G9: =D9/$C9 -> 0.55031394 | H9: =E9/$C9 -> 0.44606694 | I9: =F9/$C9 -> 0.0036191235 | J9: =Rdm_Dev!H9 -> 0.5508869 | K9: =Exp_Dev!H9 -> 0.55347025 | L9: =AVERAGE(J9:K9) -> 0.55217858 | M9: =(L9*C9-D9)/F9 -> 0.51521769
B10: =EDATE(B9,1) -> 42278 | C10: =SUMIFS(Data!$C:$C,Data!$A:$A,$B10,Data!$B:$B,0) -> 15098044 | D10: =SUMIFS(Data!$D:$D,Data!$A:$A,$B10,Data!$F:$F,end_date) -> 8837860 | E10: =SUMIFS(Data!$E:$E,Data!$A:$A,$B10,Data!$F:$F,end_date) -> 6184128 | F10: =C10-D10-E10 -> 76056.248 | G10: =D10/$C10 -> 0.58536456 | H10: =E10/$C10 -> 0.40959795 | I10: =F10/$C10 -> 0.0050374901 | J10: =Rdm_Dev!H10 -> 0.58634355 | K10: =Exp_Dev!H10 -> 0.58970356 | L10: =AVERAGE(J10:K10) -> 0.58802356 | M10: =(L10*C10-D10)/F10 -> 0.52784233
B11: =EDATE(B10,1) -> 42309 | C11: =SUMIFS(Data!$C:$C,Data!$A:$A,$B11,Data!$B:$B,0) -> 14209358 | D11: =SUMIFS(Data!$D:$D,Data!$A:$A,$B11,Data!$F:$F,end_date) -> 8409170 | E11: =SUMIFS(Data!$E:$E,Data!$A:$A,$B11,Data!$F:$F,end_date) -> 5712224 | F11: =C11-D11-E11 -> 87963.836 | G11: =D11/$C11 -> 0.59180507 | H11: =E11/$C11 -> 0.40200437 | I11: =F11/$C11 -> 0.0061905567 | J11: =Rdm_Dev!H11 -> 0.59322451 | K11: =Exp_Dev!H11 -> 0.59705679 | L11: =J11*0.25+K11*0.75 -> 0.59609872 | M11: =(L11*C11-D11)/F11 -> 0.69358044
B12: =EDATE(B11,1) -> 42339 | C12: =SUMIFS(Data!$C:$C,Data!$A:$A,$B12,Data!$B:$B,0) -> 14132360 | D12: =SUMIFS(Data!$D:$D,Data!$A:$A,$B12,Data!$F:$F,end_date) -> 7942990 | E12: =SUMIFS(Data!$E:$E,Data!$A:$A,$B12,Data!$F:$F,end_date) -> 6051328 | F12: =C12-D12-E12 -> 138041.74 | G12: =D12/$C12 -> 0.56204273 | H12: =E12/$C12 -> 0.4281895 | I12: =F12/$C12 -> 0.0097677768 | J12: =Rdm_Dev!H12 -> 0.56383461 | K12: =Exp_Dev!H12 -> 0.57048969 | L12: =AVERAGE(J12:K12) -> 0.56716215 | M12: =(L12*C12-D12)/F12 -> 0.52411372
B13: =EDATE(B12,1) -> 42370 | C13: =SUMIFS(Data!$C:$C,Data!$A:$A,$B13,Data!$B:$B,0) -> 13841050 | D13: =SUMIFS(Data!$D:$D,Data!$A:$A,$B13,Data!$F:$F,end_date) -> 8050570 | E13: =SUMIFS(Data!$E:$E,Data!$A:$A,$B13,Data!$F:$F,end_date) -> 5636160 | F13: =C13-D13-E13 -> 154320.25 | G13: =D13/$C13 -> 0.58164445 | H13: =E13/$C13 -> 0.40720609 | I13: =F13/$C13 -> 0.011149461 | J13: =Rdm_Dev!H13 -> 0.58406119 | K13: =Exp_Dev!H13 -> 0.59113585 | L13: =J13*0.25+K13*0.75 -> 0.58936719 | M13: =(L13*C13-D13)/F13 -> 0.6926559
B14: =EDATE(B13,1) -> 42401 | C14: =SUMIFS(Data!$C:$C,Data!$A:$A,$B14,Data!$B:$B,0) -> 13893986 | D14: =SUMIFS(Data!$D:$D,Data!$A:$A,$B14,Data!$F:$F,end_date) -> 8105990 | E14: =SUMIFS(Data!$E:$E,Data!$A:$A,$B14,Data!$F:$F,end_date) -> 5639456 | F14: =C14-D14-E14 -> 148540.45 | G14: =D14/$C14 -> 0.58341715 | H14: =E14/$C14 -> 0.40589186 | I14: =F14/$C14 -> 0.010690988 | J14: =Rdm_Dev!H14 -> 0.58650358 | K14: =Exp_Dev!H14 -> 0.59197494 | L14: =J14*0.25+K14*0.75 -> 0.5906071 | M14: =(L14*C14-D14)/F14 -> 0.6725243
B15: =EDATE(B14,1) -> 42430 | C15: =SUMIFS(Data!$C:$C,Data!$A:$A,$B15,Data!$B:$B,0) -> 16099661 | D15: =SUMIFS(Data!$D:$D,Data!$A:$A,$B15,Data!$F:$F,end_date) -> 9806080 | E15: =SUMIFS(Data!$E:$E,Data!$A:$A,$B15,Data!$F:$F,end_date) -> 6154000 | F15: =C15-D15-E15 -> 139581.21 | G15: =D15/$C15 -> 0.60908611 | H15: =E15/$C15 -> 0.38224407 | I15: =F15/$C15 -> 0.0086698227 | J15: =Rdm_Dev!H15 -> 0.61300062 | K15: =Exp_Dev!H15 -> 0.6153893 | L15: =AVERAGE(J15:K15) -> 0.61419496 | M15: =(L15*C15-D15)/F15 -> 0.58926823
B16: =EDATE(B15,1) -> 42461 | C16: =SUMIFS(Data!$C:$C,Data!$A:$A,$B16,Data!$B:$B,0) -> 15415020 | D16: =SUMIFS(Data!$D:$D,Data!$A:$A,$B16,Data!$F:$F,end_date) -> 9520830 | E16: =SUMIFS(Data!$E:$E,Data!$A:$A,$B16,Data!$F:$F,end_date) -> 5663040 | F16: =C16-D16-E16 -> 231149.76 | G16: =D16/$C16 -> 0.61763333 | H16: =E16/$C16 -> 0.36737157 | I16: =F16/$C16 -> 0.0149951 | J16: =Rdm_Dev!H16 -> 0.62236325 | K16: =Exp_Dev!H16 -> 0.62994587 | L16: =AVERAGE(J16:K16) -> 0.62615456 | M16: =(L16*C16-D16)/F16 -> 0.56826746
B17: =EDATE(B16,1) -> 42491 | C17: =SUMIFS(Data!$C:$C,Data!$A:$A,$B17,Data!$B:$B,0) -> 16276115 | D17: =SUMIFS(Data!$D:$D,Data!$A:$A,$B17,Data!$F:$F,end_date) -> 10117410 | E17: =SUMIFS(Data!$E:$E,Data!$A:$A,$B17,Data!$F:$F,end_date) -> 5855456 | F17: =C17-D17-E17 -> 303249.19 | G17: =D17/$C17 -> 0.62161086 | H17: =E17/$C17 -> 0.35975759 | I17: =F17/$C17 -> 0.018631546 | J17: =Rdm_Dev!H17 -> 0.62718414 | K17: =Exp_Dev!H17 -> 0.637212 | L17: =AVERAGE(J17:K17) -> 0.63219807 | M17: =(L17*C17-D17)/F17 -> 0.56824093
B18: =EDATE(B17,1) -> 42522 | C18: =SUMIFS(Data!$C:$C,Data!$A:$A,$B18,Data!$B:$B,0) -> 17341897 | D18: =SUMIFS(Data!$D:$D,Data!$A:$A,$B18,Data!$F:$F,end_date) -> 10612930 | E18: =SUMIFS(Data!$E:$E,Data!$A:$A,$B18,Data!$F:$F,end_date) -> 6477344 | F18: =C18-D18-E18 -> 251623.23 | G18: =D18/$C18 -> 0.61198206 | H18: =E18/$C18 -> 0.37350838 | I18: =F18/$C18 -> 0.014509556 | J18: =Rdm_Dev!H18 -> 0.61831427 | K18: =Exp_Dev!H18 -> 0.62279838 | L18: =AVERAGE(J18:K18) -> 0.62055633 | M18: =(L18*C18-D18)/F18 -> 0.59093923
B19: =EDATE(B18,1) -> 42552 | C19: =SUMIFS(Data!$C:$C,Data!$A:$A,$B19,Data!$B:$B,0) -> 18379447 | D19: =SUMIFS(Data!$D:$D,Data!$A:$A,$B19,Data!$F:$F,end_date) -> 11623530 | E19: =SUMIFS(Data!$E:$E,Data!$A:$A,$B19,Data!$F:$F,end_date) -> 6528000 | F19: =C19-D19-E19 -> 227916.64 | G19: =D19/$C19 -> 0.63242002 | H19: =E19/$C19 -> 0.35517935 | I19: =F19/$C19 -> 0.012400626 | J19: =Rdm_Dev!H19 -> 0.63992424 | K19: =Exp_Dev!H19 -> 0.64080469 | L19: =AVERAGE(J19:K19) -> 0.64036447 | M19: =(L19*C19-D19)/F19 -> 0.64064898
B20: =EDATE(B19,1) -> 42583 | C20: =SUMIFS(Data!$C:$C,Data!$A:$A,$B20,Data!$B:$B,0) -> 17768916 | D20: =SUMIFS(Data!$D:$D,Data!$A:$A,$B20,Data!$F:$F,end_date) -> 11095410 | E20: =SUMIFS(Data!$E:$E,Data!$A:$A,$B20,Data!$F:$F,end_date) -> 6372608 | F20: =C20-D20-E20 -> 300897.87 | G20: =D20/$C20 -> 0.62442808 | H20: =E20/$C20 -> 0.35863797 | I20: =F20/$C20 -> 0.016933946 | J20: =Rdm_Dev!H20 -> 0.6328626 | K20: =Exp_Dev!H20 -> 0.63612187 | L20: =AVERAGE(J20:K20) -> 0.63449223 | M20: =(L20*C20-D20)/F20 -> 0.59431826
B21: =EDATE(B20,1) -> 42614 | C21: =SUMIFS(Data!$C:$C,Data!$A:$A,$B21,Data!$B:$B,0) -> 16741954 | D21: =SUMIFS(Data!$D:$D,Data!$A:$A,$B21,Data!$F:$F,end_date) -> 10189945 | E21: =SUMIFS(Data!$E:$E,Data!$A:$A,$B21,Data!$F:$F,end_date) -> 6263808 | F21: =C21-D21-E21 -> 288200.7 | G21: =D21/$C21 -> 0.60864731 | H21: =E21/$C21 -> 0.37413841 | I21: =F21/$C21 -> 0.017214281 | J21: =Rdm_Dev!H21 -> 0.61804018 | K21: =Exp_Dev!H21 -> 0.61911198 | L21: =AVERAGE(J21:K21) -> 0.61857608 | M21: =(L21*C21-D21)/F21 -> 0.5767752
B22: =EDATE(B21,1) -> 42644 | C22: =SUMIFS(Data!$C:$C,Data!$A:$A,$B22,Data!$B:$B,0) -> 16607849 | D22: =SUMIFS(Data!$D:$D,Data!$A:$A,$B22,Data!$F:$F,end_date) -> 11002500 | E22: =SUMIFS(Data!$E:$E,Data!$A:$A,$B22,Data!$F:$F,end_date) -> 5247088 | F22: =C22-D22-E22 -> 358260.67 | G22: =D22/$C22 -> 0.66248797 | H22: =E22/$C22 -> 0.31594026 | I22: =F22/$C22 -> 0.021571769 | J22: =Rdm_Dev!H22 -> 0.6741127 | K22: =Exp_Dev!H22 -> 0.67724268 | L22: =AVERAGE(J22:K22) -> 0.67567769 | M22: =(L22*C22-D22)/F22 -> 0.6114341
B23: =EDATE(B22,1) -> 42675 | C23: =SUMIFS(Data!$C:$C,Data!$A:$A,$B23,Data!$B:$B,0) -> 15630294 | D23: =SUMIFS(Data!$D:$D,Data!$A:$A,$B23,Data!$F:$F,end_date) -> 10058730 | E23: =SUMIFS(Data!$E:$E,Data!$A:$A,$B23,Data!$F:$F,end_date) -> 5192960 | F23: =C23-D23-E23 -> 378603.62 | G23: =D23/$C23 -> 0.64354069 | H23: =E23/$C23 -> 0.33223688 | I23: =F23/$C23 -> 0.024222425 | J23: =Rdm_Dev!H23 -> 0.65703676 | K23: =Exp_Dev!H23 -> 0.65938883 | L23: =AVERAGE(J23:K23) -> 0.6582128 | M23: =(L23*C23-D23)/F23 -> 0.60572391
B24: =EDATE(B23,1) -> 42705 | C24: =SUMIFS(Data!$C:$C,Data!$A:$A,$B24,Data!$B:$B,0) -> 15545596 | D24: =SUMIFS(Data!$D:$D,Data!$A:$A,$B24,Data!$F:$F,end_date) -> 9279590 | E24: =SUMIFS(Data!$E:$E,Data!$A:$A,$B24,Data!$F:$F,end_date) -> 5830528 | F24: =C24-D24-E24 -> 435477.71 | G24: =D24/$C24 -> 0.59692727 | H24: =E24/$C24 -> 0.3750598 | I24: =F24/$C24 -> 0.028012932 | J24: =Rdm_Dev!H24 -> 0.61161246 | K24: =Exp_Dev!H24 -> 0.61385756 | L24: =AVERAGE(J24:K24) -> 0.61273501 | M24: =(L24*C24-D24)/F24 -> 0.56430154
B25: =EDATE(B24,1) -> 42736 | C25: =SUMIFS(Data!$C:$C,Data!$A:$A,$B25,Data!$B:$B,0) -> 15225155 | D25: =SUMIFS(Data!$D:$D,Data!$A:$A,$B25,Data!$F:$F,end_date) -> 9258400 | E25: =SUMIFS(Data!$E:$E,Data!$A:$A,$B25,Data!$F:$F,end_date) -> 5645280 | F25: =C25-D25-E25 -> 321475.28 | G25: =D25/$C25 -> 0.60809889 | H25: =E25/$C25 -> 0.37078637 | I25: =F25/$C25 -> 0.021114746 | J25: =Rdm_Dev!H25 -> 0.62555413 | K25: =Exp_Dev!H25 -> 0.61627226 | L25: =AVERAGE(J25:K25) -> 0.6209132 | M25: =(L25*C25-D25)/F25 -> 0.60688905
B26: =EDATE(B25,1) -> 42767 | C26: =SUMIFS(Data!$C:$C,Data!$A:$A,$B26,Data!$B:$B,0) -> 15283385 | D26: =SUMIFS(Data!$D:$D,Data!$A:$A,$B26,Data!$F:$F,end_date) -> 9705020 | E26: =SUMIFS(Data!$E:$E,Data!$A:$A,$B26,Data!$F:$F,end_date) -> 5027840 | F26: =C26-D26-E26 -> 550525.09 | G26: =D26/$C26 -> 0.63500461 | H26: =E26/$C26 -> 0.32897424 | I26: =F26/$C26 -> 0.036021149 | J26: =Rdm_Dev!H26 -> 0.65641845 | K26: =Exp_Dev!H26 -> 0.6578826 | L26: =AVERAGE(J26:K26) -> 0.65715053 | M26: =(L26*C26-D26)/F26 -> 0.61480315
... B60: =EDATE(B59,1) -> 43800 | C60: =SUMIFS(Data!$C:$C,Data!$A:$A,$B60,Data!$B:$B,0) -> 22025000 | D60: =SUMIFS(Data!$D:$D,Data!$A:$A,$B60,Data!$F:$F,end_date) -> 1541980 | E60: =SUMIFS(Data!$E:$E,Data!$A:$A,$B60,Data!$F:$F,end_date) -> 0 | F60: =C60-D60-E60 -> 20483020 | G60: =D60/$C60 -> 0.070010443 | H60: =E60/$C60 -> 0 | I60: =F60/$C60 -> 0.92998956 | J60: =Rdm_Dev!H60 -> 0.72055165 | K60: =Exp_Dev!H60 -> N/A | L60: =AVERAGE(J60:K60) -> 0.72055165 | M60: =(L60*C60-D60)/F60 -> 0.69951452
B62: Total | C62: =SUM(C7:C61) -> 1.0106131e+09 | D62: =SUM(D7:D61) -> 545993765 | E62: =SUM(E7:E61) -> 195538944 | F62: =SUM(F7:F61) -> 2.6908038e+08 | G62: =D62/$C62 -> 0.54025994 | H62: =E62/$C62 -> 0.19348546 | I62: =F62/$C62 -> 0.2662546 | J62: =SUMPRODUCT(J$7:J$61,$C$7:$C$61)/$C$62 -> 0.69666738 | K62: N/A | L62: =SUMPRODUCT(L$7:L$61,$C$7:$C$61)/$C$62 -> 0.69874113 | M62: =(L62*C62-D62)/F62 -> 0.59522426
B64: Notes
B65: (1) - (4) | C65: =" Summarized data as of "&TEXT(EOMONTH(end_date,0),"m/d/yy")&"." -> Summarized data as of 12/31/19.
C66: =" Redeemed and expired points are allocated to the points earned in the given month, typically based on a FIFO allocation." -> Redeemed and expired points are allocated to the points earned in the given month, typically based on a FIFO allocation.
B67: -5 | C67: =" (2) - (3) - (4)." -> (2) - (3) - (4).
B68: (6) - (8) | C68: [(3) through (5)] / (2).
B69: -9 | C69: Rdm_Dev, Column (7).
B70: -10 | C70: Exp_Dev, Column (7).
B71: -11 | C71: Selected judgmentally based on (6) through (10).
B72: -12 | C72: [(11) x (2) - (3)] / (5).

Sheet Rdm_Dev
C3: Earned | D3: Redeemed | E3: Cumulative | F3: Age of | G3: Development | H3: Indicated
B4: Earn Month | C4: Points | D4: Points to Date | E4: % Redeemed | F4: Earn Month | G4: Factor | H4: URR
B5: -1 | C5: =B5-1 -> -2 | D5: =C5-1 -> -3 | E5: =D5-1 -> -4 | F5: =E5-1 -> -5 | G5: =F5-1 -> -6 | H5: =G5-1 -> -7
B7: =start_date -> 42186 | C7: =SUMIFS(Data!$C:$C,Data!$A:$A,$B7,Data!$B:$B,0) -> 16708588 | D7: =SUMIFS(Data!$D:$D,Data!$A:$A,$B7,Data!$F:$F,end_date) -> 9379020 | E7: =D7/C7 -> 0.5613293 | F7: =ROUND((end_date-B7)/30.5,0) -> 53 | G7: =HLOOKUP($F7,EM_Tri_Rdm!$C$4:$BD$128,125,FALSE) -> 1 | H7: =E7*G7 -> 0.5613293
B8: =EDATE(B7,1) -> 42217 | C8: =SUMIFS(Data!$C:$C,Data!$A:$A,$B8,Data!$B:$B,0) -> 16153560 | D8: =SUMIFS(Data!$D:$D,Data!$A:$A,$B8,Data!$F:$F,end_date) -> 9458075 | E8: =D8/C8 -> 0.58551026 | F8: =ROUND((end_date-B8)/30.5,0) -> 52 | G8: =HLOOKUP($F8,EM_Tri_Rdm!$C$4:$BD$128,125,FALSE) -> 1.0004347 | H8: =E8*G8 -> 0.58576476
B9: =EDATE(B8,1) -> 42248 | C9: =SUMIFS(Data!$C:$C,Data!$A:$A,$B9,Data!$B:$B,0) -> 15219958 | D9: =SUMIFS(Data!$D:$D,Data!$A:$A,$B9,Data!$F:$F,end_date) -> 8375755 | E9: =D9/C9 -> 0.55031394 | F9: =ROUND((end_date-B9)/30.5,0) -> 51 | G9: =HLOOKUP($F9,EM_Tri_Rdm!$C$4:$BD$128,125,FALSE) -> 1.0010412 | H9: =E9*G9 -> 0.5508869
B10: =EDATE(B9,1) -> 42278 | C10: =SUMIFS(Data!$C:$C,Data!$A:$A,$B10,Data!$B:$B,0) -> 15098044 | D10: =SUMIFS(Data!$D:$D,Data!$A:$A,$B10,Data!$F:$F,end_date) -> 8837860 | E10: =D10/C10 -> 0.58536456 | F10: =ROUND((end_date-B10)/30.5,0) -> 50 | G10: =HLOOKUP($F10,EM_Tri_Rdm!$C$4:$BD$128,125,FALSE) -> 1.0016725 | H10: =E10*G10 -> 0.58634355
B11: =EDATE(B10,1) -> 42309 | C11: =SUMIFS(Data!$C:$C,Data!$A:$A,$B11,Data!$B:$B,0) -> 14209358 | D11: =SUMIFS(Data!$D:$D,Data!$A:$A,$B11,Data!$F:$F,end_date) -> 8409170 | E11: =D11/C11 -> 0.59180507 | F11: =ROUND((end_date-B11)/30.5,0) -> 49 | G11: =HLOOKUP($F11,EM_Tri_Rdm!$C$4:$BD$128,125,FALSE) -> 1.0023985 | H11: =E11*G11 -> 0.59322451
B12: =EDATE(B11,1) -> 42339 | C12: =SUMIFS(Data!$C:$C,Data!$A:$A,$B12,Data!$B:$B,0) -> 14132360 | D12: =SUMIFS(Data!$D:$D,Data!$A:$A,$B12,Data!$F:$F,end_date) -> 7942990 | E12: =D12/C12 -> 0.56204273 | F12: =ROUND((end_date-B12)/30.5,0) -> 48 | G12: =HLOOKUP($F12,EM_Tri_Rdm!$C$4:$BD$128,125,FALSE) -> 1.0031882 | H12: =E12*G12 -> 0.56383461
B13: =EDATE(B12,1) -> 42370 | C13: =SUMIFS(Data!$C:$C,Data!$A:$A,$B13,Data!$B:$B,0) -> 13841050 | D13: =SUMIFS(Data!$D:$D,Data!$A:$A,$B13,Data!$F:$F,end_date) -> 8050570 | E13: =D13/C13 -> 0.58164445 | F13: =ROUND((end_date-B13)/30.5,0) -> 47 | G13: =HLOOKUP($F13,EM_Tri_Rdm!$C$4:$BD$128,125,FALSE) -> 1.004155 | H13: =E13*G13 -> 0.58406119
B14: =EDATE(B13,1) -> 42401 | C14: =SUMIFS(Data!$C:$C,Data!$A:$A,$B14,Data!$B:$B,0) -> 13893986 | D14: =SUMIFS(Data!$D:$D,Data!$A:$A,$B14,Data!$F:$F,end_date) -> 8105990 | E14: =D14/C14 -> 0.58341715 | F14: =ROUND((end_date-B14)/30.5,0) -> 46 | G14: =HLOOKUP($F14,EM_Tri_Rdm!$C$4:$BD$128,125,FALSE) -> 1.0052903 | H14: =E14*G14 -> 0.58650358
B15: =EDATE(B14,1) -> 42430 | C15: =SUMIFS(Data!$C:$C,Data!$A:$A,$B15,Data!$B:$B,0) -> 16099661 | D15: =SUMIFS(Data!$D:$D,Data!$A:$A,$B15,Data!$F:$F,end_date) -> 9806080 | E15: =D15/C15 -> 0.60908611 | F15: =ROUND((end_date-B15)/30.5,0) -> 45 | G15: =HLOOKUP($F15,EM_Tri_Rdm!$C$4:$BD$128,125,FALSE) -> 1.0064269 | H15: =E15*G15 -> 0.61300062
B16: =EDATE(B15,1) -> 42461 | C16: =SUMIFS(Data!$C:$C,Data!$A:$A,$B16,Data!$B:$B,0) -> 15415020 | D16: =SUMIFS(Data!$D:$D,Data!$A:$A,$B16,Data!$F:$F,end_date) -> 9520830 | E16: =D16/C16 -> 0.61763333 | F16: =ROUND((end_date-B16)/30.5,0) -> 44 | G16: =HLOOKUP($F16,EM_Tri_Rdm!$C$4:$BD$128,125,FALSE) -> 1.0076581 | H16: =E16*G16 -> 0.62236325
B17: =EDATE(B16,1) -> 42491 | C17: =SUMIFS(Data!$C:$C,Data!$A:$A,$B17,Data!$B:$B,0) -> 16276115 | D17: =SUMIFS(Data!$D:$D,Data!$A:$A,$B17,Data!$F:$F,end_date) -> 10117410 | E17: =D17/C17 -> 0.62161086 | F17: =ROUND((end_date-B17)/30.5,0) -> 43 | G17: =HLOOKUP($F17,EM_Tri_Rdm!$C$4:$BD$128,125,FALSE) -> 1.0089659 | H17: =E17*G17 -> 0.62718414
B18: =EDATE(B17,1) -> 42522 | C18: =SUMIFS(Data!$C:$C,Data!$A:$A,$B18,Data!$B:$B,0) -> 17341897 | D18: =SUMIFS(Data!$D:$D,Data!$A:$A,$B18,Data!$F:$F,end_date) -> 10612930 | E18: =D18/C18 -> 0.61198206 | F18: =ROUND((end_date-B18)/30.5,0) -> 42 | G18: =HLOOKUP($F18,EM_Tri_Rdm!$C$4:$BD$128,125,FALSE) -> 1.0103471 | H18: =E18*G18 -> 0.61831427
B19: =EDATE(B18,1) -> 42552 | C19: =SUMIFS(Data!$C:$C,Data!$A:$A,$B19,Data!$B:$B,0) -> 18379447 | D19: =SUMIFS(Data!$D:$D,Data!$A:$A,$B19,Data!$F:$F,end_date) -> 11623530 | E19: =D19/C19 -> 0.63242002 | F19: =ROUND((end_date-B19)/30.5,0) -> 41 | G19: =HLOOKUP($F19,EM_Tri_Rdm!$C$4:$BD$128,125,FALSE) -> 1.0118659 | H19: =E19*G19 -> 0.63992424
... B60: =EDATE(B59,1) -> 43800 | C60: =SUMIFS(Data!$C:$C,Data!$A:$A,$B60,Data!$B:$B,0) -> 22025000 | D60: =SUMIFS(Data!$D:$D,Data!$A:$A,$B60,Data!$F:$F,end_date) -> 1541980 | E60: =D60/C60 -> 0.070010443 | F60: =ROUND((end_date-B60)/30.5,0) -> 0 | G60: =HLOOKUP($F60,EM_Tri_Rdm!$C$4:$BD$128,125,FALSE) -> 10.29206 | H60: =E60*G60 -> 0.72055165
B62: Total | C62: =SUM(C7:C61) -> 1.0106131e+09 | D62: =SUM(D7:D61) -> 545993765 | E62: =D62/C62 -> 0.54025994 | H62: =SUMPRODUCT(H7:H61,C7:C61)/C62 -> 0.69666738
B64: Notes
B65: (1) - (3), (5) | C65: =" Summarized data as of "&TEXT(EOMONTH(end_date,0),"m/d/yy")&"." -> Summarized data as of 12/31/19.
B66: -4 | C66: =" (3) / (2)." -> (3) / (2).
B67: -6 | C67: Selected ultimate development factor from EM_TRI_Rdm.
B68: -7 | C68: =" (4) x (6)." -> (4) x (6).

Sheet Exp_Dev
C3: Earned | D3: Expired | E3: Cumulative | F3: Age of | G3: Development | H3: Indicated
B4: Earn Month | C4: Points | D4: Points to Date | E4: % Expired | F4: Earn Month | G4: Factor | H4: URR
B5: -1 | C5: =B5-1 -> -2 | D5: =C5-1 -> -3 | E5: =D5-1 -> -4 | F5: =E5-1 -> -5 | G5: =F5-1 -> -6 | H5: =G5-1 -> -7
B7: =start_date -> 42186 | C7: =SUMIFS(Data!$C:$C,Data!$A:$A,$B7,Data!$B:$B,0) -> 16708588 | D7: =SUMIFS(Data!$E:$E,Data!$A:$A,$B7,Data!$F:$F,end_date) -> 7261152 | E7: =D7/C7 -> 0.43457604 | F7: =ROUND((end_date-B7)/30.5,0) -> 53 | G7: =HLOOKUP($F7,EM_Tri_Exp!$C$4:$BD$128,125,FALSE) -> 1 | H7: =IFERROR(1-E7*G7,"N/A") -> 0.56542396
B8: =EDATE(B7,1) -> 42217 | C8: =SUMIFS(Data!$C:$C,Data!$A:$A,$B8,Data!$B:$B,0) -> 16153560 | D8: =SUMIFS(Data!$E:$E,Data!$A:$A,$B8,Data!$F:$F,end_date) -> 6626928 | E8: =D8/C8 -> 0.41024567 | F8: =ROUND((end_date-B8)/30.5,0) -> 52 | G8: =HLOOKUP($F8,EM_Tri_Exp!$C$4:$BD$128,125,FALSE) -> 1.0007586 | H8: =IFERROR(1-E8*G8,"N/A") -> 0.58944312
B9: =EDATE(B8,1) -> 42248 | C9: =SUMIFS(Data!$C:$C,Data!$A:$A,$B9,Data!$B:$B,0) -> 15219958 | D9: =SUMIFS(Data!$E:$E,Data!$A:$A,$B9,Data!$F:$F,end_date) -> 6789120 | E9: =D9/C9 -> 0.44606694 | F9: =ROUND((end_date-B9)/30.5,0) -> 51 | G9: =HLOOKUP($F9,EM_Tri_Exp!$C$4:$BD$128,125,FALSE) -> 1.0010375 | H9: =IFERROR(1-E9*G9,"N/A") -> 0.55347025
B10: =EDATE(B9,1) -> 42278 | C10: =SUMIFS(Data!$C:$C,Data!$A:$A,$B10,Data!$B:$B,0) -> 15098044 | D10: =SUMIFS(Data!$E:$E,Data!$A:$A,$B10,Data!$F:$F,end_date) -> 6184128 | E10: =D10/C10 -> 0.40959795 | F10: =ROUND((end_date-B10)/30.5,0) -> 50 | G10: =HLOOKUP($F10,EM_Tri_Exp!$C$4:$BD$128,125,FALSE) -> 1.0017053 | H10: =IFERROR(1-E10*G10,"N/A") -> 0.58970356
B11: =EDATE(B10,1) -> 42309 | C11: =SUMIFS(Data!$C:$C,Data!$A:$A,$B11,Data!$B:$B,0) -> 14209358 | D11: =SUMIFS(Data!$E:$E,Data!$A:$A,$B11,Data!$F:$F,end_date) -> 5712224 | E11: =D11/C11 -> 0.40200437 | F11: =ROUND((end_date-B11)/30.5,0) -> 49 | G11: =HLOOKUP($F11,EM_Tri_Exp!$C$4:$BD$128,125,FALSE) -> 1.0023354 | H11: =IFERROR(1-E11*G11,"N/A") -> 0.59705679
B12: =EDATE(B11,1) -> 42339 | C12: =SUMIFS(Data!$C:$C,Data!$A:$A,$B12,Data!$B:$B,0) -> 14132360 | D12: =SUMIFS(Data!$E:$E,Data!$A:$A,$B12,Data!$F:$F,end_date) -> 6051328 | E12: =D12/C12 -> 0.4281895 | F12: =ROUND((end_date-B12)/30.5,0) -> 48 | G12: =HLOOKUP($F12,EM_Tri_Exp!$C$4:$BD$128,125,FALSE) -> 1.0030846 | H12: =IFERROR(1-E12*G12,"N/A") -> 0.57048969
B13: =EDATE(B12,1) -> 42370 | C13: =SUMIFS(Data!$C:$C,Data!$A:$A,$B13,Data!$B:$B,0) -> 13841050 | D13: =SUMIFS(Data!$E:$E,Data!$A:$A,$B13,Data!$F:$F,end_date) -> 5636160 | E13: =D13/C13 -> 0.40720609 | F13: =ROUND((end_date-B13)/30.5,0) -> 47 | G13: =HLOOKUP($F13,EM_Tri_Exp!$C$4:$BD$128,125,FALSE) -> 1.0040718 | H13: =IFERROR(1-E13*G13,"N/A") -> 0.59113585
B14: =EDATE(B13,1) -> 42401 | C14: =SUMIFS(Data!$C:$C,Data!$A:$A,$B14,Data!$B:$B,0) -> 13893986 | D14: =SUMIFS(Data!$E:$E,Data!$A:$A,$B14,Data!$F:$F,end_date) -> 5639456 | E14: =D14/C14 -> 0.40589186 | F14: =ROUND((end_date-B14)/30.5,0) -> 46 | G14: =HLOOKUP($F14,EM_Tri_Exp!$C$4:$BD$128,125,FALSE) -> 1.0052556 | H14: =IFERROR(1-E14*G14,"N/A") -> 0.59197494
B15: =EDATE(B14,1) -> 42430 | C15: =SUMIFS(Data!$C:$C,Data!$A:$A,$B15,Data!$B:$B,0) -> 16099661 | D15: =SUMIFS(Data!$E:$E,Data!$A:$A,$B15,Data!$F:$F,end_date) -> 6154000 | E15: =D15/C15 -> 0.38224407 | F15: =ROUND((end_date-B15)/30.5,0) -> 45 | G15: =HLOOKUP($F15,EM_Tri_Exp!$C$4:$BD$128,125,FALSE) -> 1.0061914 | H15: =IFERROR(1-E15*G15,"N/A") -> 0.6153893
B16: =EDATE(B15,1) -> 42461 | C16: =SUMIFS(Data!$C:$C,Data!$A:$A,$B16,Data!$B:$B,0) -> 15415020 | D16: =SUMIFS(Data!$E:$E,Data!$A:$A,$B16,Data!$F:$F,end_date) -> 5663040 | E16: =D16/C16 -> 0.36737157 | F16: =ROUND((end_date-B16)/30.5,0) -> 44 | G16: =HLOOKUP($F16,EM_Tri_Exp!$C$4:$BD$128,125,FALSE) -> 1.007302 | H16: =IFERROR(1-E16*G16,"N/A") -> 0.62994587
B17: =EDATE(B16,1) -> 42491 | C17: =SUMIFS(Data!$C:$C,Data!$A:$A,$B17,Data!$B:$B,0) -> 16276115 | D17: =SUMIFS(Data!$E:$E,Data!$A:$A,$B17,Data!$F:$F,end_date) -> 5855456 | E17: =D17/C17 -> 0.35975759 | F17: =ROUND((end_date-B17)/30.5,0) -> 43 | G17: =HLOOKUP($F17,EM_Tri_Exp!$C$4:$BD$128,125,FALSE) -> 1.0084235 | H17: =IFERROR(1-E17*G17,"N/A") -> 0.637212
B18: =EDATE(B17,1) -> 42522 | C18: =SUMIFS(Data!$C:$C,Data!$A:$A,$B18,Data!$B:$B,0) -> 17341897 | D18: =SUMIFS(Data!$E:$E,Data!$A:$A,$B18,Data!$F:$F,end_date) -> 6477344 | E18: =D18/C18 -> 0.37350838 | F18: =ROUND((end_date-B18)/30.5,0) -> 42 | G18: =HLOOKUP($F18,EM_Tri_Exp!$C$4:$BD$128,125,FALSE) -> 1.009888 | H18: =IFERROR(1-E18*G18,"N/A") -> 0.62279838
B19: =EDATE(B18,1) -> 42552 | C19: =SUMIFS(Data!$C:$C,Data!$A:$A,$B19,Data!$B:$B,0) -> 18379447 | D19: =SUMIFS(Data!$E:$E,Data!$A:$A,$B19,Data!$F:$F,end_date) -> 6528000 | E19: =D19/C19 -> 0.35517935 | F19: =ROUND((end_date-B19)/30.5,0) -> 41 | G19: =HLOOKUP($F19,EM_Tri_Exp!$C$4:$BD$128,125,FALSE) -> 1.0113068 | H19: =IFERROR(1-E19*G19,"N/A") -> 0.64080469
... B60: =EDATE(B59,1) -> 43800 | C60: =SUMIFS(Data!$C:$C,Data!$A:$A,$B60,Data!$B:$B,0) -> 22025000 | D60: =SUMIFS(Data!$E:$E,Data!$A:$A,$B60,Data!$F:$F,end_date) -> 0 | E60: =D60/C60 -> 0 | F60: =ROUND((end_date-B60)/30.5,0) -> 0 | G60: =HLOOKUP($F60,EM_Tri_Exp!$C$4:$BD$128,125,FALSE) -> N/A | H60: =IFERROR(1-E60*G60,"N/A") -> N/A
B62: Total | C62: =SUM(C7:C61) -> 1.0106131e+09 | D62: =SUM(D7:D61) -> 195538944 | E62: =D62/C62 -> 0.19348546 | H62: N/A
B64: Notes
B65: (1) - (3), (5) | C65: =" Summarized data as of "&TEXT(EOMONTH(end_date,0),"m/d/yy")&"." -> Summarized data as of 12/31/19.
B66: -4 | C66: =" (3) / (2)." -> (3) / (2).
B67: -6 | C67: Selected ultimate development factor from EM_TRI_Exp.
B68: -7 | C68: =" 100.0% - (4) x (6)." -> 100.0% - (4) x (6).

Sheet EM_Tri_Rdm
B2: Cumulative Redemptions
C3: Earn Month Age (in Months)
B4: Earn Month | C4: 0 | D4: =C4+1 -> 1 | E4: =D4+1 -> 2 | F4: =E4+1 -> 3 | G4: =F4+1 -> 4 | H4: =G4+1 -> 5 | I4: =H4+1 -> 6 | J4: =I4+1 -> 7 | K4: =J4+1 -> 8 | ... BD4: =BC4+1 -> 53
B5: =start_date -> 42186 | C5: =IF(EDATE($B5,C$4)>end_date,"",SUMIFS(Data!$D:$D,Data!$A:$A,$B5,Data!$B:$B,C$4)) -> 462048.37 | D5: =IF(EDATE($B5,D$4)>end_date,"",SUMIFS(Data!$D:$D,Data!$A:$A,$B5,Data!$B:$B,D$4)) -> 1044922.5 | E5: =IF(EDATE($B5,E$4)>end_date,"",SUMIFS(Data!$D:$D,Data!$A:$A,$B5,Data!$B:$B,E$4)) -> 1564841.2 | F5: =IF(EDATE($B5,F$4)>end_date,"",SUMIFS(Data!$D:$D,Data!$A:$A,$B5,Data!$B:$B,F$4)) -> 1947553.9 | G5: =IF(EDATE($B5,G$4)>end_date,"",SUMIFS(Data!$D:$D,Data!$A:$A,$B5,Data!$B:$B,G$4)) -> 2384321 | H5: =IF(EDATE($B5,H$4)>end_date,"",SUMIFS(Data!$D:$D,Data!$A:$A,$B5,Data!$B:$B,H$4)) -> 2757451.8 | I5: =IF(EDATE($B5,I$4)>end_date,"",SUMIFS(Data!$D:$D,Data!$A:$A,$B5,Data!$B:$B,I$4)) -> 2988268.2 | J5: =IF(EDATE($B5,J$4)>end_date,"",SUMIFS(Data!$D:$D,Data!$A:$A,$B5,Data!$B:$B,J$4)) -> 3400412.1 | ... BD5: =IF(EDATE($B5,BD$4)>end_date,"",SUMIFS(Data!$D:$D,Data!$A:$A,$B5,Data!$B:$B,BD$4)) -> 9379020
B6: =EDATE(B5,1) -> 42217 | C6: =IF(EDATE($B6,C$4)>end_date,"",SUMIFS(Data!$D:$D,Data!$A:$A,$B6,Data!$B:$B,C$4)) -> 467922.25 | D6: =IF(EDATE($B6,D$4)>end_date,"",SUMIFS(Data!$D:$D,Data!$A:$A,$B6,Data!$B:$B,D$4)) -> 1111199.8 | E6: =IF(EDATE($B6,E$4)>end_date,"",SUMIFS(Data!$D:$D,Data!$A:$A,$B6,Data!$B:$B,E$4)) -> 1574139.4 | F6: =IF(EDATE($B6,F$4)>end_date,"",SUMIFS(Data!$D:$D,Data!$A:$A,$B6,Data!$B:$B,F$4)) -> 2040530.2 | G6: =IF(EDATE($B6,G$4)>end_date,"",SUMIFS(Data!$D:$D,Data!$A:$A,$B6,Data!$B:$B,G$4)) -> 2450947.9 | H6: =IF(EDATE($B6,H$4)>end_date,"",SUMIFS(Data!$D:$D,Data!$A:$A,$B6,Data!$B:$B,H$4)) -> 2723343.2 | I6: =IF(EDATE($B6,I$4)>end_date,"",SUMIFS(Data!$D:$D,Data!$A:$A,$B6,Data!$B:$B,I$4)) -> 3151969.9 | J6: =IF(EDATE($B6,J$4)>end_date,"",SUMIFS(Data!$D:$D,Data!$A:$A,$B6,Data!$B:$B,J$4)) -> 3272689.6 | ... BD6: =IF(EDATE($B6,BD$4)>end_date,"",SUMIFS(Data!$D:$D,Data!$A:$A,$B6,Data!$B:$B,BD$4))
B7: =EDATE(B6,1) -> 42248 | C7: =IF(EDATE($B7,C$4)>end_date,"",SUMIFS(Data!$D:$D,Data!$A:$A,$B7,Data!$B:$B,C$4)) -> 439849.93 | D7: =IF(EDATE($B7,D$4)>end_date,"",SUMIFS(Data!$D:$D,Data!$A:$A,$B7,Data!$B:$B,D$4)) -> 990773.04 | E7: =IF(EDATE($B7,E$4)>end_date,"",SUMIFS(Data!$D:$D,Data!$A:$A,$B7,Data!$B:$B,E$4)) -> 1458201.6 | F7: =IF(EDATE($B7,F$4)>end_date,"",SUMIFS(Data!$D:$D,Data!$A:$A,$B7,Data!$B:$B,F$4)) -> 1864474.9 | G7: =IF(EDATE($B7,G$4)>end_date,"",SUMIFS(Data!$D:$D,Data!$A:$A,$B7,Data!$B:$B,G$4)) -> 2158845.2 | H7: =IF(EDATE($B7,H$4)>end_date,"",SUMIFS(Data!$D:$D,Data!$A:$A,$B7,Data!$B:$B,H$4)) -> 2564437.8 | I7: =IF(EDATE($B7,I$4)>end_date,"",SUMIFS(Data!$D:$D,Data!$A:$A,$B7,Data!$B:$B,I$4)) -> 2704261.2 | J7: =IF(EDATE($B7,J$4)>end_date,"",SUMIFS(Data!$D:$D,Data!$A:$A,$B7,Data!$B:$B,J$4)) -> 3046207.3 | ... BD7: =IF(EDATE($B7,BD$4)>end_date,"",SUMIFS(Data!$D:$D,Data!$A:$A,$B7,Data!$B:$B,BD$4))
B8: =EDATE(B7,1) -> 42278 | C8: =IF(EDATE($B8,C$4)>end_date,"",SUMIFS(Data!$D:$D,Data!$A:$A,$B8,Data!$B:$B,C$4)) -> 498385.83 | D8: =IF(EDATE($B8,D$4)>end_date,"",SUMIFS(Data!$D:$D,Data!$A:$A,$B8,Data!$B:$B,D$4)) -> 1118642.2 | E8: =IF(EDATE($B8,E$4)>end_date,"",SUMIFS(Data!$D:$D,Data!$A:$A,$B8,Data!$B:$B,E$4)) -> 1619163.5 | F8: =IF(EDATE($B8,F$4)>end_date,"",SUMIFS(Data!$D:$D,Data!$A:$A,$B8,Data!$B:$B,F$4)) -> 1986670.6 | G8: =IF(EDATE($B8,G$4)>end_date,"",SUMIFS(Data!$D:$D,Data!$A:$A,$B8,Data!$B:$B,G$4)) -> 2440776.3 | H8: =IF(EDATE($B8,H$4)>end_date,"",SUMIFS(Data!$D:$D,Data!$A:$A,$B8,Data!$B:$B,H$4)) -> 2640867.7 | I8: =IF(EDATE($B8,I$4)>end_date,"",SUMIFS(Data!$D:$D,Data!$A:$A,$B8,Data!$B:$B,I$4)) -> 3016717.3 | J8: =IF(EDATE($B8,J$4)>end_date,"",SUMIFS(Data!$D:$D,Data!$A:$A,$B8,Data!$B:$B,J$4)) -> 3267796.1 | ... BD8: =IF(EDATE($B8,BD$4)>end_date,"",SUMIFS(Data!$D:$D,Data!$A:$A,$B8,Data!$B:$B,BD$4))
B9: =EDATE(B8,1) -> 42309 | C9: =IF(EDATE($B9,C$4)>end_date,"",SUMIFS(Data!$D:$D,Data!$A:$A,$B9,Data!$B:$B,C$4)) -> 493471.93 | D9: =IF(EDATE($B9,D$4)>end_date,"",SUMIFS(Data!$D:$D,Data!$A:$A,$B9,Data!$B:$B,D$4)) -> 1119876.3 | E9: =IF(EDATE($B9,E$4)>end_date,"",SUMIFS(Data!$D:$D,Data!$A:$A,$B9,Data!$B:$B,E$4)) -> 1560232.1 | F9: =IF(EDATE($B9,F$4)>end_date,"",SUMIFS(Data!$D:$D,Data!$A:$A,$B9,Data!$B:$B,F$4)) -> 2032301.6 | G9: =IF(EDATE($B9,G$4)>end_date,"",SUMIFS(Data!$D:$D,Data!$A:$A,$B9,Data!$B:$B,G$4)) -> 2289033.7 | H9: =IF(EDATE($B9,H$4)>end_date,"",SUMIFS(Data!$D:$D,Data!$A:$A,$B9,Data!$B:$B,H$4)) -> 2673759.6 | I9: =IF(EDATE($B9,I$4)>end_date,"",SUMIFS(Data!$D:$D,Data!$A:$A,$B9,Data!$B:$B,I$4)) -> 2943887.2 | J9: =IF(EDATE($B9,J$4)>end_date,"",SUMIFS(Data!$D:$D,Data!$A:$A,$B9,Data!$B:$B,J$4)) -> 3653559.3 | ... BD9: =IF(EDATE($B9,BD$4)>end_date,"",SUMIFS(Data!$D:$D,Data!$A:$A,$B9,Data!$B:$B,BD$4))
B10: =EDATE(B9,1) -> 42339 | C10: =IF(EDATE($B10,C$4)>end_date,"",SUMIFS(Data!$D:$D,Data!$A:$A,$B10,Data!$B:$B,C$4)) -> 441885.44 | D10: =IF(EDATE($B10,D$4)>end_date,"",SUMIFS(Data!$D:$D,Data!$A:$A,$B10,Data!$B:$B,D$4)) -> 1021320.3 | E10: =IF(EDATE($B10,E$4)>end_date,"",SUMIFS(Data!$D:$D,Data!$A:$A,$B10,Data!$B:$B,E$4)) -> 1499605.8 | F10: =IF(EDATE($B10,F$4)>end_date,"",SUMIFS(Data!$D:$D,Data!$A:$A,$B10,Data!$B:$B,F$4)) -> 1810941.1 | G10: =IF(EDATE($B10,G$4)>end_date,"",SUMIFS(Data!$D:$D,Data!$A:$A,$B10,Data!$B:$B,G$4)) -> 2193181.9 | H10: =IF(EDATE($B10,H$4)>end_date,"",SUMIFS(Data!$D:$D,Data!$A:$A,$B10,Data!$B:$B,H$4)) -> 2484565 | I10: =IF(EDATE($B10,I$4)>end_date,"",SUMIFS(Data!$D:$D,Data!$A:$A,$B10,Data!$B:$B,I$4)) -> 3148070.2 | J10: =IF(EDATE($B10,J$4)>end_date,"",SUMIFS(Data!$D:$D,Data!$A:$A,$B10,Data!$B:$B,J$4)) -> 3396995.6 | ... BD10: =IF(EDATE($B10,BD$4)>end_date,"",SUMIFS(Data!$D:$D,Data!$A:$A,$B10,Data!$B:$B,BD$4))
B11: =EDATE(B10,1) -> 42370 | C11: =IF(EDATE($B11,C$4)>end_date,"",SUMIFS(Data!$D:$D,Data!$A:$A,$B11,Data!$B:$B,C$4)) -> 468016.32 | D11: =IF(EDATE($B11,D$4)>end_date,"",SUMIFS(Data!$D:$D,Data!$A:$A,$B11,Data!$B:$B,D$4)) -> 1129740.3 | E11: =IF(EDATE($B11,E$4)>end_date,"",SUMIFS(Data!$D:$D,Data!$A:$A,$B11,Data!$B:$B,E$4)) -> 1546273.2 | F11: =IF(EDATE($B11,F$4)>end_date,"",SUMIFS(Data!$D:$D,Data!$A:$A,$B11,Data!$B:$B,F$4)) -> 1972553 | G11: =IF(EDATE($B11,G$4)>end_date,"",SUMIFS(Data!$D:$D,Data!$A:$A,$B11,Data!$B:$B,G$4)) -> 2298777.8 | H11: =IF(EDATE($B11,H$4)>end_date,"",SUMIFS(Data!$D:$D,Data!$A:$A,$B11,Data!$B:$B,H$4)) -> 2978752.9 | I11: =IF(EDATE($B11,I$4)>end_date,"",SUMIFS(Data!$D:$D,Data!$A:$A,$B11,Data!$B:$B,I$4)) -> 3262131.8 | J11: =IF(EDATE($B11,J$4)>end_date,"",SUMIFS(Data!$D:$D,Data!$A:$A,$B11,Data!$B:$B,J$4)) -> 3628819.5 | ... BD11: =IF(EDATE($B11,BD$4)>end_date,"",SUMIFS(Data!$D:$D,Data!$A:$A,$B11,Data!$B:$B,BD$4))
B12: =EDATE(B11,1) -> 42401 | C12: =IF(EDATE($B12,C$4)>end_date,"",SUMIFS(Data!$D:$D,Data!$A:$A,$B12,Data!$B:$B,C$4)) -> 520385.59 | D12: =IF(EDATE($B12,D$4)>end_date,"",SUMIFS(Data!$D:$D,Data!$A:$A,$B12,Data!$B:$B,D$4)) -> 1156931.4 | E12: =IF(EDATE($B12,E$4)>end_date,"",SUMIFS(Data!$D:$D,Data!$A:$A,$B12,Data!$B:$B,E$4)) -> 1667823.1 | F12: =IF(EDATE($B12,F$4)>end_date,"",SUMIFS(Data!$D:$D,Data!$A:$A,$B12,Data!$B:$B,F$4)) -> 2048533.8 | G12: =IF(EDATE($B12,G$4)>end_date,"",SUMIFS(Data!$D:$D,Data!$A:$A,$B12,Data!$B:$B,G$4)) -> 2730626.1 | H12: =IF(EDATE($B12,H$4)>end_date,"",SUMIFS(Data!$D:$D,Data!$A:$A,$B12,Data!$B:$B,H$4)) -> 3056509.8 | I12: =IF(EDATE($B12,I$4)>end_date,"",SUMIFS(Data!$D:$D,Data!$A:$A,$B12,Data!$B:$B,I$4)) -> 3446544.4 | J12: =IF(EDATE($B12,J$4)>end_date,"",SUMIFS(Data!$D:$D,Data!$A:$A,$B12,Data!$B:$B,J$4)) -> 3954330.2 | ... BD12: =IF(EDATE($B12,BD$4)>end_date,"",SUMIFS(Data!$D:$D,Data!$A:$A,$B12,Data!$B:$B,BD$4))
B13: =EDATE(B12,1) -> 42430 | C13: =IF(EDATE($B13,C$4)>end_date,"",SUMIFS(Data!$D:$D,Data!$A:$A,$B13,Data!$B:$B,C$4)) -> 598540.32 | D13: =IF(EDATE($B13,D$4)>end_date,"",SUMIFS(Data!$D:$D,Data!$A:$A,$B13,Data!$B:$B,D$4)) -> 1337425.9 | E13: =IF(EDATE($B13,E$4)>end_date,"",SUMIFS(Data!$D:$D,Data!$A:$A,$B13,Data!$B:$B,E$4)) -> 1890371 | F13: =IF(EDATE($B13,F$4)>end_date,"",SUMIFS(Data!$D:$D,Data!$A:$A,$B13,Data!$B:$B,F$4)) -> 2713386.5 | G13: =IF(EDATE($B13,G$4)>end_date,"",SUMIFS(Data!$D:$D,Data!$A:$A,$B13,Data!$B:$B,G$4)) -> 3179883 | H13: =IF(EDATE($B13,H$4)>end_date,"",SUMIFS(Data!$D:$D,Data!$A:$A,$B13,Data!$B:$B,H$4)) -> 3698640.1 | I13: =IF(EDATE($B13,I$4)>end_date,"",SUMIFS(Data!$D:$D,Data!$A:$A,$B13,Data!$B:$B,I$4)) -> 4313994.7 | J13: =IF(EDATE($B13,J$4)>end_date,"",SUMIFS(Data!$D:$D,Data!$A:$A,$B13,Data!$B:$B,J$4)) -> 4585801.7 | ... BD13: =IF(EDATE($B13,BD$4)>end_date,"",SUMIFS(Data!$D:$D,Data!$A:$A,$B13,Data!$B:$B,BD$4))
B14: =EDATE(B13,1) -> 42461 | C14: =IF(EDATE($B14,C$4)>end_date,"",SUMIFS(Data!$D:$D,Data!$A:$A,$B14,Data!$B:$B,C$4)) -> 596899.35 | D14: =IF(EDATE($B14,D$4)>end_date,"",SUMIFS(Data!$D:$D,Data!$A:$A,$B14,Data!$B:$B,D$4)) -> 1320551.4 | E14: =IF(EDATE($B14,E$4)>end_date,"",SUMIFS(Data!$D:$D,Data!$A:$A,$B14,Data!$B:$B,E$4)) -> 2161104.3 | F14: =IF(EDATE($B14,F$4)>end_date,"",SUMIFS(Data!$D:$D,Data!$A:$A,$B14,Data!$B:$B,F$4)) -> 2694857.1 | G14: =IF(EDATE($B14,G$4)>end_date,"",SUMIFS(Data!$D:$D,Data!$A:$A,$B14,Data!$B:$B,G$4)) -> 3243261.3 | H14: =IF(EDATE($B14,H$4)>end_date,"",SUMIFS(Data!$D:$D,Data!$A:$A,$B14,Data!$B:$B,H$4)) -> 3859959.5 | I14: =IF(EDATE($B14,I$4)>end_date,"",SUMIFS(Data!$D:$D,Data!$A:$A,$B14,Data!$B:$B,I$4)) -> 4169563.1 | J14: =IF(EDATE($B14,J$4)>end_date,"",SUMIFS(Data!$D:$D,Data!$A:$A,$B14,Data!$B:$B,J$4)) -> 4621546.9 | ... BD14: =IF(EDATE($B14,BD$4)>end_date,"",SUMIFS(Data!$D:$D,Data!$A:$A,$B14,Data!$B:$B,BD$4))
B15: =EDATE(B14,1) -> 42491 | C15: =IF(EDATE($B15,C$4)>end_date,"",SUMIFS(Data!$D:$D,Data!$A:$A,$B15,Data!$B:$B,C$4)) -> 619110.04 | D15: =IF(EDATE($B15,D$4)>end_date,"",SUMIFS(Data!$D:$D,Data!$A:$A,$B15,Data!$B:$B,D$4)) -> 1625446 | E15: =IF(EDATE($B15,E$4)>end_date,"",SUMIFS(Data!$D:$D,Data!$A:$A,$B15,Data!$B:$B,E$4)) -> 2315061.3 | F15: =IF(EDATE($B15,F$4)>end_date,"",SUMIFS(Data!$D:$D,Data!$A:$A,$B15,Data!$B:$B,F$4)) -> 2964596.6 | G15: =IF(EDATE($B15,G$4)>end_date,"",SUMIFS(Data!$D:$D,Data!$A:$A,$B15,Data!$B:$B,G$4)) -> 3644820.7 | H15: =IF(EDATE($B15,H$4)>end_date,"",SUMIFS(Data!$D:$D,Data!$A:$A,$B15,Data!$B:$B,H$4)) -> 4024075.3 | I15: =IF(EDATE($B15,I$4)>end_date,"",SUMIFS(Data!$D:$D,Data!$A:$A,$B15,Data!$B:$B,I$4)) -> 4528994.3 | J15: =IF(EDATE($B15,J$4)>end_date,"",SUMIFS(Data!$D:$D,Data!$A:$A,$B15,Data!$B:$B,J$4)) -> 4852066.1 | ... BD15: =IF(EDATE($B15,BD$4)>end_date,"",SUMIFS(Data!$D:$D,Data!$A:$A,$B15,Data!$B:$B,BD$4))
B16: =EDATE(B15,1) -> 42522 | C16: =IF(EDATE($B16,C$4)>end_date,"",SUMIFS(Data!$D:$D,Data!$A:$A,$B16,Data!$B:$B,C$4)) -> 748690.27 | D16: =IF(EDATE($B16,D$4)>end_date,"",SUMIFS(Data!$D:$D,Data!$A:$A,$B16,Data!$B:$B,D$4)) -> 1697590.6 | E16: =IF(EDATE($B16,E$4)>end_date,"",SUMIFS(Data!$D:$D,Data!$A:$A,$B16,Data!$B:$B,E$4)) -> 2470909.1 | F16: =IF(EDATE($B16,F$4)>end_date,"",SUMIFS(Data!$D:$D,Data!$A:$A,$B16,Data!$B:$B,F$4)) -> 3203984.1 | G16: =IF(EDATE($B16,G$4)>end_date,"",SUMIFS(Data!$D:$D,Data!$A:$A,$B16,Data!$B:$B,G$4)) -> 3649590.9 | H16: =IF(EDATE($B16,H$4)>end_date,"",SUMIFS(Data!$D:$D,Data!$A:$A,$B16,Data!$B:$B,H$4)) -> 4206749.4 | I16: =IF(EDATE($B16,I$4)>end_date,"",SUMIFS(Data!$D:$D,Data!$A:$A,$B16,Data!$B:$B,I$4)) -> 4595200 | J16: =IF(EDATE($B16,J$4)>end_date,"",SUMIFS(Data!$D:$D,Data!$A:$A,$B16,Data!$B:$B,J$4)) -> 4959620.6 | ... BD16: =IF(EDATE($B16,BD$4)>end_date,"",SUMIFS(Data!$D:$D,Data!$A:$A,$B16,Data!$B:$B,BD$4))
B17: =EDATE(B16,1) -> 42552 | C17: =IF(EDATE($B17,C$4)>end_date,"",SUMIFS(Data!$D:$D,Data!$A:$A,$B17,Data!$B:$B,C$4)) -> 833373.68 | D17: =IF(EDATE($B17,D$4)>end_date,"",SUMIFS(Data!$D:$D,Data!$A:$A,$B17,Data!$B:$B,D$4)) -> 1903693.6 | E17: =IF(EDATE($B17,E$4)>end_date,"",SUMIFS(Data!$D:$D,Data!$A:$A,$B17,Data!$B:$B,E$4)) -> 2766447.3 | F17: =IF(EDATE($B17,F$4)>end_date,"",SUMIFS(Data!$D:$D,Data!$A:$A,$B17,Data!$B:$B,F$4)) -> 3337085.8 | G17: =IF(EDATE($B17,G$4)>end_date,"",SUMIFS(Data!$D:$D,Data!$A:$A,$B17,Data!$B:$B,G$4)) -> 3981785.9 | H17: =IF(EDATE($B17,H$4)>end_date,"",SUMIFS(Data!$D:$D,Data!$A:$A,$B17,Data!$B:$B,H$4)) -> 4455275.5 | I17: =IF(EDATE($B17,I$4)>end_date,"",SUMIFS(Data!$D:$D,Data!$A:$A,$B17,Data!$B:$B,I$4)) -> 4896634.8 | J17: =IF(EDATE($B17,J$4)>end_date,"",SUMIFS(Data!$D:$D,Data!$A:$A,$B17,Data!$B:$B,J$4)) -> 5287409.2 | ... BD17: =IF(EDATE($B17,BD$4)>end_date,"",SUMIFS(Data!$D:$D,Data!$A:$A,$B17,Data!$B:$B,BD$4))
... B58: =EDATE(B57,1) -> 43800 | C58: =IF(EDATE($B58,C$4)>end_date,"",SUMIFS(Data!$D:$D,Data!$A:$A,$B58,Data!$B:$B,C$4)) -> 1541980 | D58: =IF(EDATE($B58,D$4)>end_date,"",SUMIFS(Data!$D:$D,Data!$A:$A,$B58,Data!$B:$B,D$4)) | E58: =IF(EDATE($B58,E$4)>end_date,"",SUMIFS(Data!$D:$D,Data!$A:$A,$B58,Data!$B:$B,E$4)) | F58: =IF(EDATE($B58,F$4)>end_date,"",SUMIFS(Data!$D:$D,Data!$A:$A,$B58,Data!$B:$B,F$4)) | G58: =IF(EDATE($B58,G$4)>end_date,"",SUMIFS(Data!$D:$D,Data!$A:$A,$B58,Data!$B:$B,G$4)) | H58: =IF(EDATE($B58,H$4)>end_date,"",SUMIFS(Data!$D:$D,Data!$A:$A,$B58,Data!$B:$B,H$4)) | I58: =IF(EDATE($B58,I$4)>end_date,"",SUMIFS(Data!$D:$D,Data!$A:$A,$B58,Data!$B:$B,I$4)) | J58: =IF(EDATE($B58,J$4)>end_date,"",SUMIFS(Data!$D:$D,Data!$A:$A,$B58,Data!$B:$B,J$4)) | ... BD58: =IF(EDATE($B58,BD$4)>end_date,"",SUMIFS(Data!$D:$D,Data!$A:$A,$B58,Data!$B:$B,BD$4))
B60: Redemption Development Factors
C61: Development Period (in Months)
B62: Earn Month | C62: =C$4&" to "&D$4 -> 0 to 1 | D62: =D$4&" to "&E$4 -> 1 to 2 | E62: =E$4&" to "&F$4 -> 2 to 3 | F62: =F$4&" to "&G$4 -> 3 to 4 | G62: =G$4&" to "&H$4 -> 4 to 5 | H62: =H$4&" to "&I$4 -> 5 to 6 | I62: =I$4&" to "&J$4 -> 6 to 7 | J62: =J$4&" to "&K$4 -> 7 to 8 | ... BC62: =BC$4&" to "&BD$4 -> 52 to 53 | BD62: =BD$4&" to Ult" -> 53 to Ult
B63: =start_date -> 42186 | C63: =IF(D5="","",D5/C5) -> 2.2615002 | D63: =IF(E5="","",E5/D5) -> 1.4975668 | E63: =IF(F5="","",F5/E5) -> 1.2445696 | F63: =IF(G5="","",G5/F5) -> 1.2242645 | G63: =IF(H5="","",H5/G5) -> 1.1564935 | H63: =IF(I5="","",I5/H5) -> 1.0837064 | I63: =IF(J5="","",J5/I5) -> 1.1379206 | J63: =IF(K5="","",K5/J5) -> 1.0228731 | ... BC63: =IF(BD5="","",BD5/BC5) -> 1.0004347
B64: =EDATE(B63,1) -> 42217 | C64: =IF(D6="","",D6/C6) -> 2.3747531 | D64: =IF(E6="","",E6/D6) -> 1.4166124 | E64: =IF(F6="","",F6/E6) -> 1.2962831 | F64: =IF(G6="","",G6/F6) -> 1.2011328 | G64: =IF(H6="","",H6/G6) -> 1.1111388 | H64: =IF(I6="","",I6/H6) -> 1.1573899 | I64: =IF(J6="","",J6/I6) -> 1.0382997 | J64: =IF(K6="","",K6/J6) -> 1.1103475 | ... BC64: =IF(BD6="","",BD6/BC6)
B65: =EDATE(B64,1) -> 42248 | C65: =IF(D7="","",D7/C7) -> 2.2525252 | D65: =IF(E7="","",E7/D7) -> 1.4717817 | E65: =IF(F7="","",F7/E7) -> 1.2786126 | F65: =IF(G7="","",G7/F7) -> 1.1578837 | G65: =IF(H7="","",H7/G7) -> 1.1878748 | H65: =IF(I7="","",I7/H7) -> 1.054524 | I65: =IF(J7="","",J7/I7) -> 1.1264472 | J65: =IF(K7="","",K7/J7) -> 1.0711422 | ... BC65: =IF(BD7="","",BD7/BC7)
B66: =EDATE(B65,1) -> 42278 | C66: =IF(D8="","",D8/C8) -> 2.2445304 | D66: =IF(E8="","",E8/D8) -> 1.4474365 | E66: =IF(F8="","",F8/E8) -> 1.2269734 | F66: =IF(G8="","",G8/F8) -> 1.2285762 | G66: =IF(H8="","",H8/G8) -> 1.0819786 | H66: =IF(I8="","",I8/H8) -> 1.1423205 | I66: =IF(J8="","",J8/I8) -> 1.0832291 | J66: =IF(K8="","",K8/J8) -> 1.2290259 | ... BC66: =IF(BD8="","",BD8/BC8)
B67: =EDATE(B66,1) -> 42309 | C67: =IF(D9="","",D9/C9) -> 2.269382 | D67: =IF(E9="","",E9/D9) -> 1.3932182 | E67: =IF(F9="","",F9/E9) -> 1.3025636 | F67: =IF(G9="","",G9/F9) -> 1.1263258 | G67: =IF(H9="","",H9/G9) -> 1.1680735 | H67: =IF(I9="","",I9/H9) -> 1.1010291 | I67: =IF(J9="","",J9/I9) -> 1.2410663 | J67: =IF(K9="","",K9/J9) -> 1.0608761 | ... BC67: =IF(BD9="","",BD9/BC9)
B68: =EDATE(B67,1) -> 42339 | C68: =IF(D10="","",D10/C10) -> 2.3112786 | D68: =IF(E10="","",E10/D10) -> 1.4683011 | E68: =IF(F10="","",F10/E10) -> 1.2076114 | F68: =IF(G10="","",G10/F10) -> 1.211073 | G68: =IF(H10="","",H10/G10) -> 1.1328586 | H68: =IF(I10="","",I10/H10) -> 1.2670509 | I68: =IF(J10="","",J10/I10) -> 1.0790724 | J68: =IF(K10="","",K10/J10) -> 1.101166 | ... BC68: =IF(BD10="","",BD10/BC10)
B69: =EDATE(B68,1) -> 42370 | C69: =IF(D11="","",D11/C11) -> 2.4138909 | D69: =IF(E11="","",E11/D11) -> 1.3686979 | E69: =IF(F11="","",F11/E11) -> 1.2756821 | F69: =IF(G11="","",G11/F11) -> 1.165382 | G69: =IF(H11="","",H11/G11) -> 1.2957985 | H69: =IF(I11="","",I11/H11) -> 1.0951334 | I69: =IF(J11="","",J11/I11) -> 1.1124074 | J69: =IF(K11="","",K11/J11) -> 1.1353483 | ... BC69: =IF(BD11="","",BD11/BC11)
B70: =EDATE(B69,1) -> 42401 | C70: =IF(D12="","",D12/C12) -> 2.2232196 | D70: =IF(E12="","",E12/D12) -> 1.441592 | E70: =IF(F12="","",F12/E12) -> 1.2282681 | F70: =IF(G12="","",G12/F12) -> 1.3329661 | G70: =IF(H12="","",H12/G12) -> 1.119344 | H70: =IF(I12="","",I12/H12) -> 1.1276078 | I70: =IF(J12="","",J12/I12) -> 1.1473319 | J70: =IF(K12="","",K12/J12) -> 1.0470053 | ... BC70: =IF(BD12="","",BD12/BC12)
B71: =EDATE(B70,1) -> 42430 | C71: =IF(D13="","",D13/C13) -> 2.2344792 | D71: =IF(E13="","",E13/D13) -> 1.4134398 | E71: =IF(F13="","",F13/E13) -> 1.4353725 | F71: =IF(G13="","",G13/F13) -> 1.1719241 | G71: =IF(H13="","",H13/G13) -> 1.1631372 | H71: =IF(I13="","",I13/H13) -> 1.1663732 | I71: =IF(J13="","",J13/I13) -> 1.0630059 | J71: =IF(K13="","",K13/J13) -> 1.0973634 | ... BC71: =IF(BD13="","",BD13/BC13)
B72: =EDATE(B71,1) -> 42461 | C72: =IF(D14="","",D14/C14) -> 2.2123519 | D72: =IF(E14="","",E14/D14) -> 1.6365166 | E72: =IF(F14="","",F14/E14) -> 1.2469815 | F72: =IF(G14="","",G14/F14) -> 1.2035003 | G72: =IF(H14="","",H14/G14) -> 1.1901476 | H72: =IF(I14="","",I14/H14) -> 1.080209 | I72: =IF(J14="","",J14/I14) -> 1.1084008 | J72: =IF(K14="","",K14/J14) -> 1.0607027 | ... BC72: =IF(BD14="","",BD14/BC14)
B73: =EDATE(B72,1) -> 42491 | C73: =IF(D15="","",D15/C15) -> 2.6254557 | D73: =IF(E15="","",E15/D15) -> 1.4242622 | E73: =IF(F15="","",F15/E15) -> 1.2805694 | F73: =IF(G15="","",G15/F15) -> 1.2294491 | G73: =IF(H15="","",H15/G15) -> 1.104053 | H73: =IF(I15="","",I15/H15) -> 1.1254746 | I73: =IF(J15="","",J15/I15) -> 1.0713341 | J73: =IF(K15="","",K15/J15) -> 1.0646 | ... BC73: =IF(BD15="","",BD15/BC15)
B74: =EDATE(B73,1) -> 42522 | C74: =IF(D16="","",D16/C16) -> 2.2674138 | D74: =IF(E16="","",E16/D16) -> 1.4555388 | E74: =IF(F16="","",F16/E16) -> 1.2966823 | F74: =IF(G16="","",G16/F16) -> 1.139079 | G74: =IF(H16="","",H16/G16) -> 1.1526633 | H74: =IF(I16="","",I16/H16) -> 1.0923399 | I74: =IF(J16="","",J16/I16) -> 1.0793046 | J74: =IF(K16="","",K16/J16) -> 1.065681 | ... BC74: =IF(BD16="","",BD16/BC16)
B75: =EDATE(B74,1) -> 42552 | C75: =IF(D17="","",D17/C17) -> 2.2843218 | D75: =IF(E17="","",E17/D17) -> 1.4531998 | E75: =IF(F17="","",F17/E17) -> 1.2062712 | F75: =IF(G17="","",G17/F17) -> 1.1931926 | G75: =IF(H17="","",H17/G17) -> 1.1189139 | H75: =IF(I17="","",I17/H17) -> 1.0990644 | I75: =IF(J17="","",J17/I17) -> 1.0798047 | J75: =IF(K17="","",K17/J17) -> 1.0677101 | ... BC75: =IF(BD17="","",BD17/BC17)
... B115: =EDATE(B114,1) -> 43770 | C115: =IF(D57="","",D57/C57) -> 2.0793349 | D115: =IF(E57="","",E57/D57) | E115: =IF(F57="","",F57/E57) | F115: =IF(G57="","",G57/F57) | G115: =IF(H57="","",H57/G57) | H115: =IF(I57="","",I57/H57) | I115: =IF(J57="","",J57/I57) | J115: =IF(K57="","",K57/J57) | ... BC115: =IF(BD57="","",BD57/BC57)
B116: =EDATE(B115,1) -> 43800
B118: Redemption Development Factors - Selections
A119: 12 | B119: Simple | C119: =AVERAGE(OFFSET(C$116,-(C$4+$A119),0):OFFSET(C$116,-(C$4+1),0)) -> 2.1227399 | D119: =AVERAGE(OFFSET(D$116,-(D$4+$A119),0):OFFSET(D$116,-(D$4+1),0)) -> 1.3860895 | E119: =AVERAGE(OFFSET(E$116,-(E$4+$A119),0):OFFSET(E$116,-(E$4+1),0)) -> 1.2305212 | F119: =AVERAGE(OFFSET(F$116,-(F$4+$A119),0):OFFSET(F$116,-(F$4+1),0)) -> 1.1628065 | G119: =AVERAGE(OFFSET(G$116,-(G$4+$A119),0):OFFSET(G$116,-(G$4+1),0)) -> 1.1231509 | H119: =AVERAGE(OFFSET(H$116,-(H$4+$A119),0):OFFSET(H$116,-(H$4+1),0)) -> 1.0982877 | I119: =AVERAGE(OFFSET(I$116,-(I$4+$A119),0):OFFSET(I$116,-(I$4+1),0)) -> 1.0802261 | J119: =AVERAGE(OFFSET(J$116,-(J$4+$A119),0):OFFSET(J$116,-(J$4+1),0)) -> 1.0677111 | ... BC119: =AVERAGE(OFFSET(BC$116,-(BC$4+$A119),0):OFFSET(BC$116,-(BC$4+1),0)) -> 1.0004347
A120: 18 | B120: Simple | C120: =AVERAGE(OFFSET(C$116,-(C$4+$A120),0):OFFSET(C$116,-(C$4+1),0)) -> 2.1260704 | D120: =AVERAGE(OFFSET(D$116,-(D$4+$A120),0):OFFSET(D$116,-(D$4+1),0)) -> 1.3870731 | E120: =AVERAGE(OFFSET(E$116,-(E$4+$A120),0):OFFSET(E$116,-(E$4+1),0)) -> 1.2316519 | F120: =AVERAGE(OFFSET(F$116,-(F$4+$A120),0):OFFSET(F$116,-(F$4+1),0)) -> 1.1635696 | G120: =AVERAGE(OFFSET(G$116,-(G$4+$A120),0):OFFSET(G$116,-(G$4+1),0)) -> 1.123807 | H120: =AVERAGE(OFFSET(H$116,-(H$4+$A120),0):OFFSET(H$116,-(H$4+1),0)) -> 1.0984872 | I120: =AVERAGE(OFFSET(I$116,-(I$4+$A120),0):OFFSET(I$116,-(I$4+1),0)) -> 1.0807515 | J120: =AVERAGE(OFFSET(J$116,-(J$4+$A120),0):OFFSET(J$116,-(J$4+1),0)) -> 1.0685198 | ... BC120: =AVERAGE(OFFSET(BC$116,-(BC$4+$A120),0):OFFSET(BC$116,-(BC$4+1),0)) -> 1.0004347
A121: 24 | B121: Simple | C121: =AVERAGE(OFFSET(C$116,-(C$4+$A121),0):OFFSET(C$116,-(C$4+1),0)) -> 2.1499454 | D121: =AVERAGE(OFFSET(D$116,-(D$4+$A121),0):OFFSET(D$116,-(D$4+1),0)) -> 1.3940444 | E121: =AVERAGE(OFFSET(E$116,-(E$4+$A121),0):OFFSET(E$116,-(E$4+1),0)) -> 1.235464 | F121: =AVERAGE(OFFSET(F$116,-(F$4+$A121),0):OFFSET(F$116,-(F$4+1),0)) -> 1.1664855 | G121: =AVERAGE(OFFSET(G$116,-(G$4+$A121),0):OFFSET(G$116,-(G$4+1),0)) -> 1.1272878 | H121: =AVERAGE(OFFSET(H$116,-(H$4+$A121),0):OFFSET(H$116,-(H$4+1),0)) -> 1.101395 | I121: =AVERAGE(OFFSET(I$116,-(I$4+$A121),0):OFFSET(I$116,-(I$4+1),0)) -> 1.0835312 | J121: =AVERAGE(OFFSET(J$116,-(J$4+$A121),0):OFFSET(J$116,-(J$4+1),0)) -> 1.070862 | ... BC121: =AVERAGE(OFFSET(BC$116,-(BC$4+$A121),0):OFFSET(BC$116,-(BC$4+1),0)) -> 1.0004347
A123: 12 | B123: Volume | C123: =IF(C$4<$BD$4-$A123,SUM(OFFSET(C$58,-(C$4+$A123),1):OFFSET(C$58,-(C$4+1),1))/SUM(OFFSET(C$58,-(C$4+$A123),0):OFFSET(C$58,-(C$4+1),0)),SUM(D$5:OFFSET(C$58,-(C$4+1),1))/SUM(C$5:OFFSET(C$58,-(C$4+1),0))) -> 2.1169671 | D123: =IF(D$4<$BD$4-$A123,SUM(OFFSET(D$58,-(D$4+$A123),1):OFFSET(D$58,-(D$4+1),1))/SUM(OFFSET(D$58,-(D$4+$A123),0):OFFSET(D$58,-(D$4+1),0)),SUM(E$5:OFFSET(D$58,-(D$4+1),1))/SUM(D$5:OFFSET(D$58,-(D$4+1),0))) -> 1.3849308 | E123: =IF(E$4<$BD$4-$A123,SUM(OFFSET(E$58,-(E$4+$A123),1):OFFSET(E$58,-(E$4+1),1))/SUM(OFFSET(E$58,-(E$4+$A123),0):OFFSET(E$58,-(E$4+1),0)),SUM(F$5:OFFSET(E$58,-(E$4+1),1))/SUM(E$5:OFFSET(E$58,-(E$4+1),0))) -> 1.2292995 | F123: =IF(F$4<$BD$4-$A123,SUM(OFFSET(F$58,-(F$4+$A123),1):OFFSET(F$58,-(F$4+1),1))/SUM(OFFSET(F$58,-(F$4+$A123),0):OFFSET(F$58,-(F$4+1),0)),SUM(G$5:OFFSET(F$58,-(F$4+1),1))/SUM(F$5:OFFSET(F$58,-(F$4+1),0))) -> 1.1617806 | G123: =IF(G$4<$BD$4-$A123,SUM(OFFSET(G$58,-(G$4+$A123),1):OFFSET(G$58,-(G$4+1),1))/SUM(OFFSET(G$58,-(G$4+$A123),0):OFFSET(G$58,-(G$4+1),0)),SUM(H$5:OFFSET(G$58,-(G$4+1),1))/SUM(G$5:OFFSET(G$58,-(G$4+1),0))) -> 1.1220684 | H123: =IF(H$4<$BD$4-$A123,SUM(OFFSET(H$58,-(H$4+$A123),1):OFFSET(H$58,-(H$4+1),1))/SUM(OFFSET(H$58,-(H$4+$A123),0):OFFSET(H$58,-(H$4+1),0)),SUM(I$5:OFFSET(H$58,-(H$4+1),1))/SUM(H$5:OFFSET(H$58,-(H$4+1),0))) -> 1.0973824 | I123: =IF(I$4<$BD$4-$A123,SUM(OFFSET(I$58,-(I$4+$A123),1):OFFSET(I$58,-(I$4+1),1))/SUM(OFFSET(I$58,-(I$4+$A123),0):OFFSET(I$58,-(I$4+1),0)),SUM(J$5:OFFSET(I$58,-(I$4+1),1))/SUM(I$5:OFFSET(I$58,-(I$4+1),0))) -> 1.0797944 | J123: =IF(J$4<$BD$4-$A123,SUM(OFFSET(J$58,-(J$4+$A123),1):OFFSET(J$58,-(J$4+1),1))/SUM(OFFSET(J$58,-(J$4+$A123),0):OFFSET(J$58,-(J$4+1),0)),SUM(K$5:OFFSET(J$58,-(J$4+1),1))/SUM(J$5:OFFSET(J$58,-(J$4+1),0))) -> 1.0675766 | ... BC123: =IF(BC$4<$BD$4-$A123,SUM(OFFSET(BC$58,-(BC$4+$A123),1):OFFSET(BC$58,-(BC$4+1),1))/SUM(OFFSET(BC$58,-(BC$4+$A123),0):OFFSET(BC$58,-(BC$4+1),0)),SUM(BD$5:OFFSET(BC$58,-(BC$4+1),1))/SUM(BC$5:OFFSET(BC$58,-(BC$4+1),0))) -> 1.0004347
A124: 18 | B124: Volume | C124: =IF(C$4<$BD$4-$A124,SUM(OFFSET(C$58,-(C$4+$A124),1):OFFSET(C$58,-(C$4+1),1))/SUM(OFFSET(C$58,-(C$4+$A124),0):OFFSET(C$58,-(C$4+1),0)),SUM(D$5:OFFSET(C$58,-(C$4+1),1))/SUM(C$5:OFFSET(C$58,-(C$4+1),0))) -> 2.1208686 | D124: =IF(D$4<$BD$4-$A124,SUM(OFFSET(D$58,-(D$4+$A124),1):OFFSET(D$58,-(D$4+1),1))/SUM(OFFSET(D$58,-(D$4+$A124),0):OFFSET(D$58,-(D$4+1),0)),SUM(E$5:OFFSET(D$58,-(D$4+1),1))/SUM(D$5:OFFSET(D$58,-(D$4+1),0))) -> 1.3861403 | E124: =IF(E$4<$BD$4-$A124,SUM(OFFSET(E$58,-(E$4+$A124),1):OFFSET(E$58,-(E$4+1),1))/SUM(OFFSET(E$58,-(E$4+$A124),0):OFFSET(E$58,-(E$4+1),0)),SUM(F$5:OFFSET(E$58,-(E$4+1),1))/SUM(E$5:OFFSET(E$58,-(E$4+1),0))) -> 1.2304575 | F124: =IF(F$4<$BD$4-$A124,SUM(OFFSET(F$58,-(F$4+$A124),1):OFFSET(F$58,-(F$4+1),1))/SUM(OFFSET(F$58,-(F$4+$A124),0):OFFSET(F$58,-(F$4+1),0)),SUM(G$5:OFFSET(F$58,-(F$4+1),1))/SUM(F$5:OFFSET(F$58,-(F$4+1),0))) -> 1.1626685 | G124: =IF(G$4<$BD$4-$A124,SUM(OFFSET(G$58,-(G$4+$A124),1):OFFSET(G$58,-(G$4+1),1))/SUM(OFFSET(G$58,-(G$4+$A124),0):OFFSET(G$58,-(G$4+1),0)),SUM(H$5:OFFSET(G$58,-(G$4+1),1))/SUM(G$5:OFFSET(G$58,-(G$4+1),0))) -> 1.122708 | H124: =IF(H$4<$BD$4-$A124,SUM(OFFSET(H$58,-(H$4+$A124),1):OFFSET(H$58,-(H$4+1),1))/SUM(OFFSET(H$58,-(H$4+$A124),0):OFFSET(H$58,-(H$4+1),0)),SUM(I$5:OFFSET(H$58,-(H$4+1),1))/SUM(H$5:OFFSET(H$58,-(H$4+1),0))) -> 1.0975841 | I124: =IF(I$4<$BD$4-$A124,SUM(OFFSET(I$58,-(I$4+$A124),1):OFFSET(I$58,-(I$4+1),1))/SUM(OFFSET(I$58,-(I$4+$A124),0):OFFSET(I$58,-(I$4+1),0)),SUM(J$5:OFFSET(I$58,-(I$4+1),1))/SUM(I$5:OFFSET(I$58,-(I$4+1),0))) -> 1.0799463 | J124: =IF(J$4<$BD$4-$A124,SUM(OFFSET(J$58,-(J$4+$A124),1):OFFSET(J$58,-(J$4+1),1))/SUM(OFFSET(J$58,-(J$4+$A124),0):OFFSET(J$58,-(J$4+1),0)),SUM(K$5:OFFSET(J$58,-(J$4+1),1))/SUM(J$5:OFFSET(J$58,-(J$4+1),0))) -> 1.0680379 | ... BC124: =IF(BC$4<$BD$4-$A124,SUM(OFFSET(BC$58,-(BC$4+$A124),1):OFFSET(BC$58,-(BC$4+1),1))/SUM(OFFSET(BC$58,-(BC$4+$A124),0):OFFSET(BC$58,-(BC$4+1),0)),SUM(BD$5:OFFSET(BC$58,-(BC$4+1),1))/SUM(BC$5:OFFSET(BC$58,-(BC$4+1),0))) -> 1.0004347
A125: 24 | B125: Volume | C125: =IF(C$4<$BD$4-$A125,SUM(OFFSET(C$58,-(C$4+$A125),1):OFFSET(C$58,-(C$4+1),1))/SUM(OFFSET(C$58,-(C$4+$A125),0):OFFSET(C$58,-(C$4+1),0)),SUM(D$5:OFFSET(C$58,-(C$4+1),1))/SUM(C$5:OFFSET(C$58,-(C$4+1),0))) -> 2.1401682 | D125: =IF(D$4<$BD$4-$A125,SUM(OFFSET(D$58,-(D$4+$A125),1):OFFSET(D$58,-(D$4+1),1))/SUM(OFFSET(D$58,-(D$4+$A125),0):OFFSET(D$58,-(D$4+1),0)),SUM(E$5:OFFSET(D$58,-(D$4+1),1))/SUM(D$5:OFFSET(D$58,-(D$4+1),0))) -> 1.391773 | E125: =IF(E$4<$BD$4-$A125,SUM(OFFSET(E$58,-(E$4+$A125),1):OFFSET(E$58,-(E$4+1),1))/SUM(OFFSET(E$58,-(E$4+$A125),0):OFFSET(E$58,-(E$4+1),0)),SUM(F$5:OFFSET(E$58,-(E$4+1),1))/SUM(E$5:OFFSET(E$58,-(E$4+1),0))) -> 1.2340212 | F125: =IF(F$4<$BD$4-$A125,SUM(OFFSET(F$58,-(F$4+$A125),1):OFFSET(F$58,-(F$4+1),1))/SUM(OFFSET(F$58,-(F$4+$A125),0):OFFSET(F$58,-(F$4+1),0)),SUM(G$5:OFFSET(F$58,-(F$4+1),1))/SUM(F$5:OFFSET(F$58,-(F$4+1),0))) -> 1.1649085 | G125: =IF(G$4<$BD$4-$A125,SUM(OFFSET(G$58,-(G$4+$A125),1):OFFSET(G$58,-(G$4+1),1))/SUM(OFFSET(G$58,-(G$4+$A125),0):OFFSET(G$58,-(G$4+1),0)),SUM(H$5:OFFSET(G$58,-(G$4+1),1))/SUM(G$5:OFFSET(G$58,-(G$4+1),0))) -> 1.1255653 | H125: =IF(H$4<$BD$4-$A125,SUM(OFFSET(H$58,-(H$4+$A125),1):OFFSET(H$58,-(H$4+1),1))/SUM(OFFSET(H$58,-(H$4+$A125),0):OFFSET(H$58,-(H$4+1),0)),SUM(I$5:OFFSET(H$58,-(H$4+1),1))/SUM(H$5:OFFSET(H$58,-(H$4+1),0))) -> 1.0999681 | I125: =IF(I$4<$BD$4-$A125,SUM(OFFSET(I$58,-(I$4+$A125),1):OFFSET(I$58,-(I$4+1),1))/SUM(OFFSET(I$58,-(I$4+$A125),0):OFFSET(I$58,-(I$4+1),0)),SUM(J$5:OFFSET(I$58,-(I$4+1),1))/SUM(I$5:OFFSET(I$58,-(I$4+1),0))) -> 1.0823177 | J125: =IF(J$4<$BD$4-$A125,SUM(OFFSET(J$58,-(J$4+$A125),1):OFFSET(J$58,-(J$4+1),1))/SUM(OFFSET(J$58,-(J$4+$A125),0):OFFSET(J$58,-(J$4+1),0)),SUM(K$5:OFFSET(J$58,-(J$4+1),1))/SUM(J$5:OFFSET(J$58,-(J$4+1),0))) -> 1.0702767 | ... BC125: =IF(BC$4<$BD$4-$A125,SUM(OFFSET(BC$58,-(BC$4+$A125),1):OFFSET(BC$58,-(BC$4+1),1))/SUM(OFFSET(BC$58,-(BC$4+$A125),0):OFFSET(BC$58,-(BC$4+1),0)),SUM(BD$5:OFFSET(BC$58,-(BC$4+1),1))/SUM(BC$5:OFFSET(BC$58,-(BC$4+1),0))) -> 1.0004347
B127: Selected | C127: =AVERAGE(C119:C125) -> 2.1294599 | D127: =AVERAGE(D119:D125) -> 1.3883418 | E127: =AVERAGE(E119:E125) -> 1.2319026 | F127: =AVERAGE(F119:F125) -> 1.1637032 | G127: =AVERAGE(G119:G125) -> 1.1240979 | H127: =AVERAGE(H119:H125) -> 1.0988508 | I127: =AVERAGE(I119:I125) -> 1.0810945 | J127: =AVERAGE(J119:J125) -> 1.0688307 | ... BC127: =AVERAGE(BC119:BC125) -> 1.0004347
B128: Dev to Ultimate | C128: =D128*C127 -> 10.29206 | D128: =E128*D127 -> 4.8331783 | E128: =F128*E127 -> 3.4812595 | F128: =G128*F127 -> 2.8259212 | G128: =H128*G127 -> 2.4283865 | H128: =I128*H127 -> 2.1602981 | I128: =J128*I127 -> 1.9659613 | J128: =K128*J127 -> 1.8184916 | ... BC128: =BD128*BC127 -> 1.0004347 | BD128: 1

Sheet EM_Tri_Exp
B2: Cumulative Expirations
C3: Earn Month Age (in Months)
B4: Earn Month | C4: 0 | D4: =C4+1 -> 1 | E4: =D4+1 -> 2 | F4: =E4+1 -> 3 | G4: =F4+1 -> 4 | H4: =G4+1 -> 5 | I4: =H4+1 -> 6 | J4: =I4+1 -> 7 | K4: =J4+1 -> 8 | ... BD4: =BC4+1 -> 53
B5: =start_date -> 42186 | C5: =IF(EDATE($B5,C$4)>end_date,"",SUMIFS(Data!$E:$E,Data!$A:$A,$B5,Data!$B:$B,C$4)) -> 0 | D5: =IF(EDATE($B5,D$4)>end_date,"",SUMIFS(Data!$E:$E,Data!$A:$A,$B5,Data!$B:$B,D$4)) -> 0 | E5: =IF(EDATE($B5,E$4)>end_date,"",SUMIFS(Data!$E:$E,Data!$A:$A,$B5,Data!$B:$B,E$4)) -> 0 | F5: =IF(EDATE($B5,F$4)>end_date,"",SUMIFS(Data!$E:$E,Data!$A:$A,$B5,Data!$B:$B,F$4)) -> 0 | G5: =IF(EDATE($B5,G$4)>end_date,"",SUMIFS(Data!$E:$E,Data!$A:$A,$B5,Data!$B:$B,G$4)) -> 0 | H5: =IF(EDATE($B5,H$4)>end_date,"",SUMIFS(Data!$E:$E,Data!$A:$A,$B5,Data!$B:$B,H$4)) -> 0 | I5: =IF(EDATE($B5,I$4)>end_date,"",SUMIFS(Data!$E:$E,Data!$A:$A,$B5,Data!$B:$B,I$4)) -> 0 | J5: =IF(EDATE($B5,J$4)>end_date,"",SUMIFS(Data!$E:$E,Data!$A:$A,$B5,Data!$B:$B,J$4)) -> 0 | ... BD5: =IF(EDATE($B5,BD$4)>end_date,"",SUMIFS(Data!$E:$E,Data!$A:$A,$B5,Data!$B:$B,BD$4)) -> 7261152
B6: =EDATE(B5,1) -> 42217 | C6: =IF(EDATE($B6,C$4)>end_date,"",SUMIFS(Data!$E:$E,Data!$A:$A,$B6,Data!$B:$B,C$4)) -> 0 | D6: =IF(EDATE($B6,D$4)>end_date,"",SUMIFS(Data!$E:$E,Data!$A:$A,$B6,Data!$B:$B,D$4)) -> 0 | E6: =IF(EDATE($B6,E$4)>end_date,"",SUMIFS(Data!$E:$E,Data!$A:$A,$B6,Data!$B:$B,E$4)) -> 0 | F6: =IF(EDATE($B6,F$4)>end_date,"",SUMIFS(Data!$E:$E,Data!$A:$A,$B6,Data!$B:$B,F$4)) -> 0 | G6: =IF(EDATE($B6,G$4)>end_date,"",SUMIFS(Data!$E:$E,Data!$A:$A,$B6,Data!$B:$B,G$4)) -> 0 | H6: =IF(EDATE($B6,H$4)>end_date,"",SUMIFS(Data!$E:$E,Data!$A:$A,$B6,Data!$B:$B,H$4)) -> 0 | I6: =IF(EDATE($B6,I$4)>end_date,"",SUMIFS(Data!$E:$E,Data!$A:$A,$B6,Data!$B:$B,I$4)) -> 0 | J6: =IF(EDATE($B6,J$4)>end_date,"",SUMIFS(Data!$E:$E,Data!$A:$A,$B6,Data!$B:$B,J$4)) -> 0 | ... BD6: =IF(EDATE($B6,BD$4)>end_date,"",SUMIFS(Data!$E:$E,Data!$A:$A,$B6,Data!$B:$B,BD$4))
B7: =EDATE(B6,1) -> 42248 | C7: =IF(EDATE($B7,C$4)>end_date,"",SUMIFS(Data!$E:$E,Data!$A:$A,$B7,Data!$B:$B,C$4)) -> 0 | D7: =IF(EDATE($B7,D$4)>end_date,"",SUMIFS(Data!$E:$E,Data!$A:$A,$B7,Data!$B:$B,D$4)) -> 0 | E7: =IF(EDATE($B7,E$4)>end_date,"",SUMIFS(Data!$E:$E,Data!$A:$A,$B7,Data!$B:$B,E$4)) -> 0 | F7: =IF(EDATE($B7,F$4)>end_date,"",SUMIFS(Data!$E:$E,Data!$A:$A,$B7,Data!$B:$B,F$4)) -> 0 | G7: =IF(EDATE($B7,G$4)>end_date,"",SUMIFS(Data!$E:$E,Data!$A:$A,$B7,Data!$B:$B,G$4)) -> 0 | H7: =IF(EDATE($B7,H$4)>end_date,"",SUMIFS(Data!$E:$E,Data!$A:$A,$B7,Data!$B:$B,H$4)) -> 0 | I7: =IF(EDATE($B7,I$4)>end_date,"",SUMIFS(Data!$E:$E,Data!$A:$A,$B7,Data!$B:$B,I$4)) -> 0 | J7: =IF(EDATE($B7,J$4)>end_date,"",SUMIFS(Data!$E:$E,Data!$A:$A,$B7,Data!$B:$B,J$4)) -> 0 | ... BD7: =IF(EDATE($B7,BD$4)>end_date,"",SUMIFS(Data!$E:$E,Data!$A:$A,$B7,Data!$B:$B,BD$4))
B8: =EDATE(B7,1) -> 42278 | C8: =IF(EDATE($B8,C$4)>end_date,"",SUMIFS(Data!$E:$E,Data!$A:$A,$B8,Data!$B:$B,C$4)) -> 0 | D8: =IF(EDATE($B8,D$4)>end_date,"",SUMIFS(Data!$E:$E,Data!$A:$A,$B8,Data!$B:$B,D$4)) -> 0 | E8: =IF(EDATE($B8,E$4)>end_date,"",SUMIFS(Data!$E:$E,Data!$A:$A,$B8,Data!$B:$B,E$4)) -> 0 | F8: =IF(EDATE($B8,F$4)>end_date,"",SUMIFS(Data!$E:$E,Data!$A:$A,$B8,Data!$B:$B,F$4)) -> 0 | G8: =IF(EDATE($B8,G$4)>end_date,"",SUMIFS(Data!$E:$E,Data!$A:$A,$B8,Data!$B:$B,G$4)) -> 0 | H8: =IF(EDATE($B8,H$4)>end_date,"",SUMIFS(Data!$E:$E,Data!$A:$A,$B8,Data!$B:$B,H$4)) -> 0 | I8: =IF(EDATE($B8,I$4)>end_date,"",SUMIFS(Data!$E:$E,Data!$A:$A,$B8,Data!$B:$B,I$4)) -> 0 | J8: =IF(EDATE($B8,J$4)>end_date,"",SUMIFS(Data!$E:$E,Data!$A:$A,$B8,Data!$B:$B,J$4)) -> 0 | ... BD8: =IF(EDATE($B8,BD$4)>end_date,"",SUMIFS(Data!$E:$E,Data!$A:$A,$B8,Data!$B:$B,BD$4))
B9: =EDATE(B8,1) -> 42309 | C9: =IF(EDATE($B9,C$4)>end_date,"",SUMIFS(Data!$E:$E,Data!$A:$A,$B9,Data!$B:$B,C$4)) -> 0 | D9: =IF(EDATE($B9,D$4)>end_date,"",SUMIFS(Data!$E:$E,Data!$A:$A,$B9,Data!$B:$B,D$4)) -> 0 | E9: =IF(EDATE($B9,E$4)>end_date,"",SUMIFS(Data!$E:$E,Data!$A:$A,$B9,Data!$B:$B,E$4)) -> 0 | F9: =IF(EDATE($B9,F$4)>end_date,"",SUMIFS(Data!$E:$E,Data!$A:$A,$B9,Data!$B:$B,F$4)) -> 0 | G9: =IF(EDATE($B9,G$4)>end_date,"",SUMIFS(Data!$E:$E,Data!$A:$A,$B9,Data!$B:$B,G$4)) -> 0 | H9: =IF(EDATE($B9,H$4)>end_date,"",SUMIFS(Data!$E:$E,Data!$A:$A,$B9,Data!$B:$B,H$4)) -> 0 | I9: =IF(EDATE($B9,I$4)>end_date,"",SUMIFS(Data!$E:$E,Data!$A:$A,$B9,Data!$B:$B,I$4)) -> 0 | J9: =IF(EDATE($B9,J$4)>end_date,"",SUMIFS(Data!$E:$E,Data!$A:$A,$B9,Data!$B:$B,J$4)) -> 0 | ... BD9: =IF(EDATE($B9,BD$4)>end_date,"",SUMIFS(Data!$E:$E,Data!$A:$A,$B9,Data!$B:$B,BD$4))
B10: =EDATE(B9,1) -> 42339 | C10: =IF(EDATE($B10,C$4)>end_date,"",SUMIFS(Data!$E:$E,Data!$A:$A,$B10,Data!$B:$B,C$4)) -> 0 | D10: =IF(EDATE($B10,D$4)>end_date,"",SUMIFS(Data!$E:$E,Data!$A:$A,$B10,Data!$B:$B,D$4)) -> 0 | E10: =IF(EDATE($B10,E$4)>end_date,"",SUMIFS(Data!$E:$E,Data!$A:$A,$B10,Data!$B:$B,E$4)) -> 0 | F10: =IF(EDATE($B10,F$4)>end_date,"",SUMIFS(Data!$E:$E,Data!$A:$A,$B10,Data!$B:$B,F$4)) -> 0 | G10: =IF(EDATE($B10,G$4)>end_date,"",SUMIFS(Data!$E:$E,Data!$A:$A,$B10,Data!$B:$B,G$4)) -> 0 | H10: =IF(EDATE($B10,H$4)>end_date,"",SUMIFS(Data!$E:$E,Data!$A:$A,$B10,Data!$B:$B,H$4)) -> 0 | I10: =IF(EDATE($B10,I$4)>end_date,"",SUMIFS(Data!$E:$E,Data!$A:$A,$B10,Data!$B:$B,I$4)) -> 0 | J10: =IF(EDATE($B10,J$4)>end_date,"",SUMIFS(Data!$E:$E,Data!$A:$A,$B10,Data!$B:$B,J$4)) -> 0 | ... BD10: =IF(EDATE($B10,BD$4)>end_date,"",SUMIFS(Data!$E:$E,Data!$A:$A,$B10,Data!$B:$B,BD$4))
B11: =EDATE(B10,1) -> 42370 | C11: =IF(EDATE($B11,C$4)>end_date,"",SUMIFS(Data!$E:$E,Data!$A:$A,$B11,Data!$B:$B,C$4)) -> 0 | D11: =IF(EDATE($B11,D$4)>end_date,"",SUMIFS(Data!$E:$E,Data!$A:$A,$B11,Data!$B:$B,D$4)) -> 0 | E11: =IF(EDATE($B11,E$4)>end_date,"",SUMIFS(Data!$E:$E,Data!$A:$A,$B11,Data!$B:$B,E$4)) -> 0 | F11: =IF(EDATE($B11,F$4)>end_date,"",SUMIFS(Data!$E:$E,Data!$A:$A,$B11,Data!$B:$B,F$4)) -> 0 | G11: =IF(EDATE($B11,G$4)>end_date,"",SUMIFS(Data!$E:$E,Data!$A:$A,$B11,Data!$B:$B,G$4)) -> 0 | H11: =IF(EDATE($B11,H$4)>end_date,"",SUMIFS(Data!$E:$E,Data!$A:$A,$B11,Data!$B:$B,H$4)) -> 0 | I11: =IF(EDATE($B11,I$4)>end_date,"",SUMIFS(Data!$E:$E,Data!$A:$A,$B11,Data!$B:$B,I$4)) -> 0 | J11: =IF(EDATE($B11,J$4)>end_date,"",SUMIFS(Data!$E:$E,Data!$A:$A,$B11,Data!$B:$B,J$4)) -> 0 | ... BD11: =IF(EDATE($B11,BD$4)>end_date,"",SUMIFS(Data!$E:$E,Data!$A:$A,$B11,Data!$B:$B,BD$4))
B12: =EDATE(B11,1) -> 42401 | C12: =IF(EDATE($B12,C$4)>end_date,"",SUMIFS(Data!$E:$E,Data!$A:$A,$B12,Data!$B:$B,C$4)) -> 0 | D12: =IF(EDATE($B12,D$4)>end_date,"",SUMIFS(Data!$E:$E,Data!$A:$A,$B12,Data!$B:$B,D$4)) -> 0 | E12: =IF(EDATE($B12,E$4)>end_date,"",SUMIFS(Data!$E:$E,Data!$A:$A,$B12,Data!$B:$B,E$4)) -> 0 | F12: =IF(EDATE($B12,F$4)>end_date,"",SUMIFS(Data!$E:$E,Data!$A:$A,$B12,Data!$B:$B,F$4)) -> 0 | G12: =IF(EDATE($B12,G$4)>end_date,"",SUMIFS(Data!$E:$E,Data!$A:$A,$B12,Data!$B:$B,G$4)) -> 0 | H12: =IF(EDATE($B12,H$4)>end_date,"",SUMIFS(Data!$E:$E,Data!$A:$A,$B12,Data!$B:$B,H$4)) -> 0 | I12: =IF(EDATE($B12,I$4)>end_date,"",SUMIFS(Data!$E:$E,Data!$A:$A,$B12,Data!$B:$B,I$4)) -> 0 | J12: =IF(EDATE($B12,J$4)>end_date,"",SUMIFS(Data!$E:$E,Data!$A:$A,$B12,Data!$B:$B,J$4)) -> 0 | ... BD12: =IF(EDATE($B12,BD$4)>end_date,"",SUMIFS(Data!$E:$E,Data!$A:$A,$B12,Data!$B:$B,BD$4))
B13: =EDATE(B12,1) -> 42430 | C13: =IF(EDATE($B13,C$4)>end_date,"",SUMIFS(Data!$E:$E,Data!$A:$A,$B13,Data!$B:$B,C$4)) -> 0 | D13: =IF(EDATE($B13,D$4)>end_date,"",SUMIFS(Data!$E:$E,Data!$A:$A,$B13,Data!$B:$B,D$4)) -> 0 | E13: =IF(EDATE($B13,E$4)>end_date,"",SUMIFS(Data!$E:$E,Data!$A:$A,$B13,Data!$B:$B,E$4)) -> 0 | F13: =IF(EDATE($B13,F$4)>end_date,"",SUMIFS(Data!$E:$E,Data!$A:$A,$B13,Data!$B:$B,F$4)) -> 0 | G13: =IF(EDATE($B13,G$4)>end_date,"",SUMIFS(Data!$E:$E,Data!$A:$A,$B13,Data!$B:$B,G$4)) -> 0 | H13: =IF(EDATE($B13,H$4)>end_date,"",SUMIFS(Data!$E:$E,Data!$A:$A,$B13,Data!$B:$B,H$4)) -> 0 | I13: =IF(EDATE($B13,I$4)>end_date,"",SUMIFS(Data!$E:$E,Data!$A:$A,$B13,Data!$B:$B,I$4)) -> 0 | J13: =IF(EDATE($B13,J$4)>end_date,"",SUMIFS(Data!$E:$E,Data!$A:$A,$B13,Data!$B:$B,J$4)) -> 0 | ... BD13: =IF(EDATE($B13,BD$4)>end_date,"",SUMIFS(Data!$E:$E,Data!$A:$A,$B13,Data!$B:$B,BD$4))
B14: =EDATE(B13,1) -> 42461 | C14: =IF(EDATE($B14,C$4)>end_date,"",SUMIFS(Data!$E:$E,Data!$A:$A,$B14,Data!$B:$B,C$4)) -> 0 | D14: =IF(EDATE($B14,D$4)>end_date,"",SUMIFS(Data!$E:$E,Data!$A:$A,$B14,Data!$B:$B,D$4)) -> 0 | E14: =IF(EDATE($B14,E$4)>end_date,"",SUMIFS(Data!$E:$E,Data!$A:$A,$B14,Data!$B:$B,E$4)) -> 0 | F14: =IF(EDATE($B14,F$4)>end_date,"",SUMIFS(Data!$E:$E,Data!$A:$A,$B14,Data!$B:$B,F$4)) -> 0 | G14: =IF(EDATE($B14,G$4)>end_date,"",SUMIFS(Data!$E:$E,Data!$A:$A,$B14,Data!$B:$B,G$4)) -> 0 | H14: =IF(EDATE($B14,H$4)>end_date,"",SUMIFS(Data!$E:$E,Data!$A:$A,$B14,Data!$B:$B,H$4)) -> 0 | I14: =IF(EDATE($B14,I$4)>end_date,"",SUMIFS(Data!$E:$E,Data!$A:$A,$B14,Data!$B:$B,I$4)) -> 0 | J14: =IF(EDATE($B14,J$4)>end_date,"",SUMIFS(Data!$E:$E,Data!$A:$A,$B14,Data!$B:$B,J$4)) -> 0 | ... BD14: =IF(EDATE($B14,BD$4)>end_date,"",SUMIFS(Data!$E:$E,Data!$A:$A,$B14,Data!$B:$B,BD$4))
B15: =EDATE(B14,1) -> 42491 | C15: =IF(EDATE($B15,C$4)>end_date,"",SUMIFS(Data!$E:$E,Data!$A:$A,$B15,Data!$B:$B,C$4)) -> 0 | D15: =IF(EDATE($B15,D$4)>end_date,"",SUMIFS(Data!$E:$E,Data!$A:$A,$B15,Data!$B:$B,D$4)) -> 0 | E15: =IF(EDATE($B15,E$4)>end_date,"",SUMIFS(Data!$E:$E,Data!$A:$A,$B15,Data!$B:$B,E$4)) -> 0 | F15: =IF(EDATE($B15,F$4)>end_date,"",SUMIFS(Data!$E:$E,Data!$A:$A,$B15,Data!$B:$B,F$4)) -> 0 | G15: =IF(EDATE($B15,G$4)>end_date,"",SUMIFS(Data!$E:$E,Data!$A:$A,$B15,Data!$B:$B,G$4)) -> 0 | H15: =IF(EDATE($B15,H$4)>end_date,"",SUMIFS(Data!$E:$E,Data!$A:$A,$B15,Data!$B:$B,H$4)) -> 0 | I15: =IF(EDATE($B15,I$4)>end_date,"",SUMIFS(Data!$E:$E,Data!$A:$A,$B15,Data!$B:$B,I$4)) -> 0 | J15: =IF(EDATE($B15,J$4)>end_date,"",SUMIFS(Data!$E:$E,Data!$A:$A,$B15,Data!$B:$B,J$4)) -> 0 | ... BD15: =IF(EDATE($B15,BD$4)>end_date,"",SUMIFS(Data!$E:$E,Data!$A:$A,$B15,Data!$B:$B,BD$4))
B16: =EDATE(B15,1) -> 42522 | C16: =IF(EDATE($B16,C$4)>end_date,"",SUMIFS(Data!$E:$E,Data!$A:$A,$B16,Data!$B:$B,C$4)) -> 0 | D16: =IF(EDATE($B16,D$4)>end_date,"",SUMIFS(Data!$E:$E,Data!$A:$A,$B16,Data!$B:$B,D$4)) -> 0 | E16: =IF(EDATE($B16,E$4)>end_date,"",SUMIFS(Data!$E:$E,Data!$A:$A,$B16,Data!$B:$B,E$4)) -> 0 | F16: =IF(EDATE($B16,F$4)>end_date,"",SUMIFS(Data!$E:$E,Data!$A:$A,$B16,Data!$B:$B,F$4)) -> 0 | G16: =IF(EDATE($B16,G$4)>end_date,"",SUMIFS(Data!$E:$E,Data!$A:$A,$B16,Data!$B:$B,G$4)) -> 0 | H16: =IF(EDATE($B16,H$4)>end_date,"",SUMIFS(Data!$E:$E,Data!$A:$A,$B16,Data!$B:$B,H$4)) -> 0 | I16: =IF(EDATE($B16,I$4)>end_date,"",SUMIFS(Data!$E:$E,Data!$A:$A,$B16,Data!$B:$B,I$4)) -> 0 | J16: =IF(EDATE($B16,J$4)>end_date,"",SUMIFS(Data!$E:$E,Data!$A:$A,$B16,Data!$B:$B,J$4)) -> 0 | ... BD16: =IF(EDATE($B16,BD$4)>end_date,"",SUMIFS(Data!$E:$E,Data!$A:$A,$B16,Data!$B:$B,BD$4))
B17: =EDATE(B16,1) -> 42552 | C17: =IF(EDATE($B17,C$4)>end_date,"",SUMIFS(Data!$E:$E,Data!$A:$A,$B17,Data!$B:$B,C$4)) -> 0 | D17: =IF(EDATE($B17,D$4)>end_date,"",SUMIFS(Data!$E:$E,Data!$A:$A,$B17,Data!$B:$B,D$4)) -> 0 | E17: =IF(EDATE($B17,E$4)>end_date,"",SUMIFS(Data!$E:$E,Data!$A:$A,$B17,Data!$B:$B,E$4)) -> 0 | F17: =IF(EDATE($B17,F$4)>end_date,"",SUMIFS(Data!$E:$E,Data!$A:$A,$B17,Data!$B:$B,F$4)) -> 0 | G17: =IF(EDATE($B17,G$4)>end_date,"",SUMIFS(Data!$E:$E,Data!$A:$A,$B17,Data!$B:$B,G$4)) -> 0 | H17: =IF(EDATE($B17,H$4)>end_date,"",SUMIFS(Data!$E:$E,Data!$A:$A,$B17,Data!$B:$B,H$4)) -> 0 | I17: =IF(EDATE($B17,I$4)>end_date,"",SUMIFS(Data!$E:$E,Data!$A:$A,$B17,Data!$B:$B,I$4)) -> 0 | J17: =IF(EDATE($B17,J$4)>end_date,"",SUMIFS(Data!$E:$E,Data!$A:$A,$B17,Data!$B:$B,J$4)) -> 0 | ... BD17: =IF(EDATE($B17,BD$4)>end_date,"",SUMIFS(Data!$E:$E,Data!$A:$A,$B17,Data!$B:$B,BD$4))
... B58: =EDATE(B57,1) -> 43800 | C58: =IF(EDATE($B58,C$4)>end_date,"",SUMIFS(Data!$E:$E,Data!$A:$A,$B58,Data!$B:$B,C$4)) -> 0 | D58: =IF(EDATE($B58,D$4)>end_date,"",SUMIFS(Data!$E:$E,Data!$A:$A,$B58,Data!$B:$B,D$4)) | E58: =IF(EDATE($B58,E$4)>end_date,"",SUMIFS(Data!$E:$E,Data!$A:$A,$B58,Data!$B:$B,E$4)) | F58: =IF(EDATE($B58,F$4)>end_date,"",SUMIFS(Data!$E:$E,Data!$A:$A,$B58,Data!$B:$B,F$4)) | G58: =IF(EDATE($B58,G$4)>end_date,"",SUMIFS(Data!$E:$E,Data!$A:$A,$B58,Data!$B:$B,G$4)) | H58: =IF(EDATE($B58,H$4)>end_date,"",SUMIFS(Data!$E:$E,Data!$A:$A,$B58,Data!$B:$B,H$4)) | I58: =IF(EDATE($B58,I$4)>end_date,"",SUMIFS(Data!$E:$E,Data!$A:$A,$B58,Data!$B:$B,I$4)) | J58: =IF(EDATE($B58,J$4)>end_date,"",SUMIFS(Data!$E:$E,Data!$A:$A,$B58,Data!$B:$B,J$4)) | ... BD58: =IF(EDATE($B58,BD$4)>end_date,"",SUMIFS(Data!$E:$E,Data!$A:$A,$B58,Data!$B:$B,BD$4))
B60: Expiration Development Factors
C61: Development Period (in Months)
B62: Earn Month | C62: =C$4&" to "&D$4 -> 0 to 1 | D62: =D$4&" to "&E$4 -> 1 to 2 | E62: =E$4&" to "&F$4 -> 2 to 3 | F62: =F$4&" to "&G$4 -> 3 to 4 | G62: =G$4&" to "&H$4 -> 4 to 5 | H62: =H$4&" to "&I$4 -> 5 to 6 | I62: =I$4&" to "&J$4 -> 6 to 7 | J62: =J$4&" to "&K$4 -> 7 to 8 | ... BC62: =BC$4&" to "&BD$4 -> 52 to 53 | BD62: =BD$4&" to Ult" -> 53 to Ult
B63: =start_date -> 42186 | C63: =IFERROR(IF(D5="","",D5/C5),"") | D63: =IFERROR(IF(E5="","",E5/D5),"") | E63: =IFERROR(IF(F5="","",F5/E5),"") | F63: =IFERROR(IF(G5="","",G5/F5),"") | G63: =IFERROR(IF(H5="","",H5/G5),"") | H63: =IFERROR(IF(I5="","",I5/H5),"") | I63: =IFERROR(IF(J5="","",J5/I5),"") | J63: =IFERROR(IF(K5="","",K5/J5),"") | ... BC63: =IFERROR(IF(BD5="","",BD5/BC5),"") -> 1.0007586
B64: =EDATE(B63,1) -> 42217 | C64: =IFERROR(IF(D6="","",D6/C6),"") | D64: =IFERROR(IF(E6="","",E6/D6),"") | E64: =IFERROR(IF(F6="","",F6/E6),"") | F64: =IFERROR(IF(G6="","",G6/F6),"") | G64: =IFERROR(IF(H6="","",H6/G6),"") | H64: =IFERROR(IF(I6="","",I6/H6),"") | I64: =IFERROR(IF(J6="","",J6/I6),"") | J64: =IFERROR(IF(K6="","",K6/J6),"") | ... BC64: =IFERROR(IF(BD6="","",BD6/BC6),"")
B65: =EDATE(B64,1) -> 42248 | C65: =IFERROR(IF(D7="","",D7/C7),"") | D65: =IFERROR(IF(E7="","",E7/D7),"") | E65: =IFERROR(IF(F7="","",F7/E7),"") | F65: =IFERROR(IF(G7="","",G7/F7),"") | G65: =IFERROR(IF(H7="","",H7/G7),"") | H65: =IFERROR(IF(I7="","",I7/H7),"") | I65: =IFERROR(IF(J7="","",J7/I7),"") | J65: =IFERROR(IF(K7="","",K7/J7),"") | ... BC65: =IFERROR(IF(BD7="","",BD7/BC7),"")
B66: =EDATE(B65,1) -> 42278 | C66: =IFERROR(IF(D8="","",D8/C8),"") | D66: =IFERROR(IF(E8="","",E8/D8),"") | E66: =IFERROR(IF(F8="","",F8/E8),"") | F66: =IFERROR(IF(G8="","",G8/F8),"") | G66: =IFERROR(IF(H8="","",H8/G8),"") | H66: =IFERROR(IF(I8="","",I8/H8),"") | I66: =IFERROR(IF(J8="","",J8/I8),"") | J66: =IFERROR(IF(K8="","",K8/J8),"") | ... BC66: =IFERROR(IF(BD8="","",BD8/BC8),"")
B67: =EDATE(B66,1) -> 42309 | C67: =IFERROR(IF(D9="","",D9/C9),"") | D67: =IFERROR(IF(E9="","",E9/D9),"") | E67: =IFERROR(IF(F9="","",F9/E9),"") | F67: =IFERROR(IF(G9="","",G9/F9),"") | G67: =IFERROR(IF(H9="","",H9/G9),"") | H67: =IFERROR(IF(I9="","",I9/H9),"") | I67: =IFERROR(IF(J9="","",J9/I9),"") | J67: =IFERROR(IF(K9="","",K9/J9),"") | ... BC67: =IFERROR(IF(BD9="","",BD9/BC9),"")
B68: =EDATE(B67,1) -> 42339 | C68: =IFERROR(IF(D10="","",D10/C10),"") | D68: =IFERROR(IF(E10="","",E10/D10),"") | E68: =IFERROR(IF(F10="","",F10/E10),"") | F68: =IFERROR(IF(G10="","",G10/F10),"") | G68: =IFERROR(IF(H10="","",H10/G10),"") | H68: =IFERROR(IF(I10="","",I10/H10),"") | I68: =IFERROR(IF(J10="","",J10/I10),"") | J68: =IFERROR(IF(K10="","",K10/J10),"") | ... BC68: =IFERROR(IF(BD10="","",BD10/BC10),"")
B69: =EDATE(B68,1) -> 42370 | C69: =IFERROR(IF(D11="","",D11/C11),"") | D69: =IFERROR(IF(E11="","",E11/D11),"") | E69: =IFERROR(IF(F11="","",F11/E11),"") | F69: =IFERROR(IF(G11="","",G11/F11),"") | G69: =IFERROR(IF(H11="","",H11/G11),"") | H69: =IFERROR(IF(I11="","",I11/H11),"") | I69: =IFERROR(IF(J11="","",J11/I11),"") | J69: =IFERROR(IF(K11="","",K11/J11),"") | ... BC69: =IFERROR(IF(BD11="","",BD11/BC11),"")
B70: =EDATE(B69,1) -> 42401 | C70: =IFERROR(IF(D12="","",D12/C12),"") | D70: =IFERROR(IF(E12="","",E12/D12),"") | E70: =IFERROR(IF(F12="","",F12/E12),"") | F70: =IFERROR(IF(G12="","",G12/F12),"") | G70: =IFERROR(IF(H12="","",H12/G12),"") | H70: =IFERROR(IF(I12="","",I12/H12),"") | I70: =IFERROR(IF(J12="","",J12/I12),"") | J70: =IFERROR(IF(K12="","",K12/J12),"") | ... BC70: =IFERROR(IF(BD12="","",BD12/BC12),"")
B71: =EDATE(B70,1) -> 42430 | C71: =IFERROR(IF(D13="","",D13/C13),"") | D71: =IFERROR(IF(E13="","",E13/D13),"") | E71: =IFERROR(IF(F13="","",F13/E13),"") | F71: =IFERROR(IF(G13="","",G13/F13),"") | G71: =IFERROR(IF(H13="","",H13/G13),"") | H71: =IFERROR(IF(I13="","",I13/H13),"") | I71: =IFERROR(IF(J13="","",J13/I13),"") | J71: =IFERROR(IF(K13="","",K13/J13),"") | ... BC71: =IFERROR(IF(BD13="","",BD13/BC13),"")
B72: =EDATE(B71,1) -> 42461 | C72: =IFERROR(IF(D14="","",D14/C14),"") | D72: =IFERROR(IF(E14="","",E14/D14),"") | E72: =IFERROR(IF(F14="","",F14/E14),"") | F72: =IFERROR(IF(G14="","",G14/F14),"") | G72: =IFERROR(IF(H14="","",H14/G14),"") | H72: =IFERROR(IF(I14="","",I14/H14),"") | I72: =IFERROR(IF(J14="","",J14/I14),"") | J72: =IFERROR(IF(K14="","",K14/J14),"") | ... BC72: =IFERROR(IF(BD14="","",BD14/BC14),"")
B73: =EDATE(B72,1) -> 42491 | C73: =IFERROR(IF(D15="","",D15/C15),"") | D73: =IFERROR(IF(E15="","",E15/D15),"") | E73: =IFERROR(IF(F15="","",F15/E15),"") | F73: =IFERROR(IF(G15="","",G15/F15),"") | G73: =IFERROR(IF(H15="","",H15/G15),"") | H73: =IFERROR(IF(I15="","",I15/H15),"") | I73: =IFERROR(IF(J15="","",J15/I15),"") | J73: =IFERROR(IF(K15="","",K15/J15),"") | ... BC73: =IFERROR(IF(BD15="","",BD15/BC15),"")
B74: =EDATE(B73,1) -> 42522 | C74: =IFERROR(IF(D16="","",D16/C16),"") | D74: =IFERROR(IF(E16="","",E16/D16),"") | E74: =IFERROR(IF(F16="","",F16/E16),"") | F74: =IFERROR(IF(G16="","",G16/F16),"") | G74: =IFERROR(IF(H16="","",H16/G16),"") | H74: =IFERROR(IF(I16="","",I16/H16),"") | I74: =IFERROR(IF(J16="","",J16/I16),"") | J74: =IFERROR(IF(K16="","",K16/J16),"") | ... BC74: =IFERROR(IF(BD16="","",BD16/BC16),"")
B75: =EDATE(B74,1) -> 42552 | C75: =IFERROR(IF(D17="","",D17/C17),"") | D75: =IFERROR(IF(E17="","",E17/D17),"") | E75: =IFERROR(IF(F17="","",F17/E17),"") | F75: =IFERROR(IF(G17="","",G17/F17),"") | G75: =IFERROR(IF(H17="","",H17/G17),"") | H75: =IFERROR(IF(I17="","",I17/H17),"") | I75: =IFERROR(IF(J17="","",J17/I17),"") | J75: =IFERROR(IF(K17="","",K17/J17),"") | ... BC75: =IFERROR(IF(BD17="","",BD17/BC17),"")
... B115: =EDATE(B114,1) -> 43770 | C115: =IFERROR(IF(D57="","",D57/C57),"") | D115: =IFERROR(IF(E57="","",E57/D57),"") | E115: =IFERROR(IF(F57="","",F57/E57),"") | F115: =IFERROR(IF(G57="","",G57/F57),"") | G115: =IFERROR(IF(H57="","",H57/G57),"") | H115: =IFERROR(IF(I57="","",I57/H57),"") | I115: =IFERROR(IF(J57="","",J57/I57),"") | J115: =IFERROR(IF(K57="","",K57/J57),"") | ... BC115: =IFERROR(IF(BD57="","",BD57/BC57),"")
B116: =EDATE(B115,1) -> 43800
B118: Expirations Development Factors - Selections
A119: 12 | B119: Simple | C119: =IFERROR(AVERAGE(OFFSET(C$116,-(C$4+$A119),0):OFFSET(C$116,-(C$4+1),0)),"") | D119: =IFERROR(AVERAGE(OFFSET(D$116,-(D$4+$A119),0):OFFSET(D$116,-(D$4+1),0)),"") | E119: =IFERROR(AVERAGE(OFFSET(E$116,-(E$4+$A119),0):OFFSET(E$116,-(E$4+1),0)),"") | F119: =IFERROR(AVERAGE(OFFSET(F$116,-(F$4+$A119),0):OFFSET(F$116,-(F$4+1),0)),"") | G119: =IFERROR(AVERAGE(OFFSET(G$116,-(G$4+$A119),0):OFFSET(G$116,-(G$4+1),0)),"") | H119: =IFERROR(AVERAGE(OFFSET(H$116,-(H$4+$A119),0):OFFSET(H$116,-(H$4+1),0)),"") | I119: =IFERROR(AVERAGE(OFFSET(I$116,-(I$4+$A119),0):OFFSET(I$116,-(I$4+1),0)),"") | J119: =IFERROR(AVERAGE(OFFSET(J$116,-(J$4+$A119),0):OFFSET(J$116,-(J$4+1),0)),"") | ... BC119: =IFERROR(AVERAGE(OFFSET(BC$116,-(BC$4+$A119),0):OFFSET(BC$116,-(BC$4+1),0)),"") -> 1.0007586
A120: 18 | B120: Simple | C120: =IFERROR(AVERAGE(OFFSET(C$116,-(C$4+$A120),0):OFFSET(C$116,-(C$4+1),0)),"") | D120: =IFERROR(AVERAGE(OFFSET(D$116,-(D$4+$A120),0):OFFSET(D$116,-(D$4+1),0)),"") | E120: =IFERROR(AVERAGE(OFFSET(E$116,-(E$4+$A120),0):OFFSET(E$116,-(E$4+1),0)),"") | F120: =IFERROR(AVERAGE(OFFSET(F$116,-(F$4+$A120),0):OFFSET(F$116,-(F$4+1),0)),"") | G120: =IFERROR(AVERAGE(OFFSET(G$116,-(G$4+$A120),0):OFFSET(G$116,-(G$4+1),0)),"") | H120: =IFERROR(AVERAGE(OFFSET(H$116,-(H$4+$A120),0):OFFSET(H$116,-(H$4+1),0)),"") | I120: =IFERROR(AVERAGE(OFFSET(I$116,-(I$4+$A120),0):OFFSET(I$116,-(I$4+1),0)),"") | J120: =IFERROR(AVERAGE(OFFSET(J$116,-(J$4+$A120),0):OFFSET(J$116,-(J$4+1),0)),"") | ... BC120: =IFERROR(AVERAGE(OFFSET(BC$116,-(BC$4+$A120),0):OFFSET(BC$116,-(BC$4+1),0)),"") -> 1.0007586
A121: 24 | B121: Simple | C121: =IFERROR(AVERAGE(OFFSET(C$116,-(C$4+$A121),0):OFFSET(C$116,-(C$4+1),0)),"") | D121: =IFERROR(AVERAGE(OFFSET(D$116,-(D$4+$A121),0):OFFSET(D$116,-(D$4+1),0)),"") | E121: =IFERROR(AVERAGE(OFFSET(E$116,-(E$4+$A121),0):OFFSET(E$116,-(E$4+1),0)),"") | F121: =IFERROR(AVERAGE(OFFSET(F$116,-(F$4+$A121),0):OFFSET(F$116,-(F$4+1),0)),"") | G121: =IFERROR(AVERAGE(OFFSET(G$116,-(G$4+$A121),0):OFFSET(G$116,-(G$4+1),0)),"") | H121: =IFERROR(AVERAGE(OFFSET(H$116,-(H$4+$A121),0):OFFSET(H$116,-(H$4+1),0)),"") | I121: =IFERROR(AVERAGE(OFFSET(I$116,-(I$4+$A121),0):OFFSET(I$116,-(I$4+1),0)),"") | J121: =IFERROR(AVERAGE(OFFSET(J$116,-(J$4+$A121),0):OFFSET(J$116,-(J$4+1),0)),"") | ... BC121: =IFERROR(AVERAGE(OFFSET(BC$116,-(BC$4+$A121),0):OFFSET(BC$116,-(BC$4+1),0)),"") -> 1.0007586
A123: 12 | B123: Volume | C123: =IFERROR(IF(C$4<$BD$4-$A123,SUM(OFFSET(C$58,-(C$4+$A123),1):OFFSET(C$58,-(C$4+1),1))/SUM(OFFSET(C$58,-(C$4+$A123),0):OFFSET(C$58,-(C$4+1),0)),SUM(D$5:OFFSET(C$58,-(C$4+1),1))/SUM(C$5:OFFSET(C$58,-(C$4+1),0))),"") | D123: =IFERROR(IF(D$4<$BD$4-$A123,SUM(OFFSET(D$58,-(D$4+$A123),1):OFFSET(D$58,-(D$4+1),1))/SUM(OFFSET(D$58,-(D$4+$A123),0):OFFSET(D$58,-(D$4+1),0)),SUM(E$5:OFFSET(D$58,-(D$4+1),1))/SUM(D$5:OFFSET(D$58,-(D$4+1),0))),"") | E123: =IFERROR(IF(E$4<$BD$4-$A123,SUM(OFFSET(E$58,-(E$4+$A123),1):OFFSET(E$58,-(E$4+1),1))/SUM(OFFSET(E$58,-(E$4+$A123),0):OFFSET(E$58,-(E$4+1),0)),SUM(F$5:OFFSET(E$58,-(E$4+1),1))/SUM(E$5:OFFSET(E$58,-(E$4+1),0))),"") | F123: =IFERROR(IF(F$4<$BD$4-$A123,SUM(OFFSET(F$58,-(F$4+$A123),1):OFFSET(F$58,-(F$4+1),1))/SUM(OFFSET(F$58,-(F$4+$A123),0):OFFSET(F$58,-(F$4+1),0)),SUM(G$5:OFFSET(F$58,-(F$4+1),1))/SUM(F$5:OFFSET(F$58,-(F$4+1),0))),"") | G123: =IFERROR(IF(G$4<$BD$4-$A123,SUM(OFFSET(G$58,-(G$4+$A123),1):OFFSET(G$58,-(G$4+1),1))/SUM(OFFSET(G$58,-(G$4+$A123),0):OFFSET(G$58,-(G$4+1),0)),SUM(H$5:OFFSET(G$58,-(G$4+1),1))/SUM(G$5:OFFSET(G$58,-(G$4+1),0))),"") | H123: =IFERROR(IF(H$4<$BD$4-$A123,SUM(OFFSET(H$58,-(H$4+$A123),1):OFFSET(H$58,-(H$4+1),1))/SUM(OFFSET(H$58,-(H$4+$A123),0):OFFSET(H$58,-(H$4+1),0)),SUM(I$5:OFFSET(H$58,-(H$4+1),1))/SUM(H$5:OFFSET(H$58,-(H$4+1),0))),"") | I123: =IFERROR(IF(I$4<$BD$4-$A123,SUM(OFFSET(I$58,-(I$4+$A123),1):OFFSET(I$58,-(I$4+1),1))/SUM(OFFSET(I$58,-(I$4+$A123),0):OFFSET(I$58,-(I$4+1),0)),SUM(J$5:OFFSET(I$58,-(I$4+1),1))/SUM(I$5:OFFSET(I$58,-(I$4+1),0))),"") | J123: =IFERROR(IF(J$4<$BD$4-$A123,SUM(OFFSET(J$58,-(J$4+$A123),1):OFFSET(J$58,-(J$4+1),1))/SUM(OFFSET(J$58,-(J$4+$A123),0):OFFSET(J$58,-(J$4+1),0)),SUM(K$5:OFFSET(J$58,-(J$4+1),1))/SUM(J$5:OFFSET(J$58,-(J$4+1),0))),"") | ... BC123: =IFERROR(IF(BC$4<$BD$4-$A123,SUM(OFFSET(BC$58,-(BC$4+$A123),1):OFFSET(BC$58,-(BC$4+1),1))/SUM(OFFSET(BC$58,-(BC$4+$A123),0):OFFSET(BC$58,-(BC$4+1),0)),SUM(BD$5:OFFSET(BC$58,-(BC$4+1),1))/SUM(BC$5:OFFSET(BC$58,-(BC$4+1),0))),"") -> 1.0007586
A124: 18 | B124: Volume | C124: =IFERROR(IF(C$4<$BD$4-$A124,SUM(OFFSET(C$58,-(C$4+$A124),1):OFFSET(C$58,-(C$4+1),1))/SUM(OFFSET(C$58,-(C$4+$A124),0):OFFSET(C$58,-(C$4+1),0)),SUM(D$5:OFFSET(C$58,-(C$4+1),1))/SUM(C$5:OFFSET(C$58,-(C$4+1),0))),"") | D124: =IFERROR(IF(D$4<$BD$4-$A124,SUM(OFFSET(D$58,-(D$4+$A124),1):OFFSET(D$58,-(D$4+1),1))/SUM(OFFSET(D$58,-(D$4+$A124),0):OFFSET(D$58,-(D$4+1),0)),SUM(E$5:OFFSET(D$58,-(D$4+1),1))/SUM(D$5:OFFSET(D$58,-(D$4+1),0))),"") | E124: =IFERROR(IF(E$4<$BD$4-$A124,SUM(OFFSET(E$58,-(E$4+$A124),1):OFFSET(E$58,-(E$4+1),1))/SUM(OFFSET(E$58,-(E$4+$A124),0):OFFSET(E$58,-(E$4+1),0)),SUM(F$5:OFFSET(E$58,-(E$4+1),1))/SUM(E$5:OFFSET(E$58,-(E$4+1),0))),"") | F124: =IFERROR(IF(F$4<$BD$4-$A124,SUM(OFFSET(F$58,-(F$4+$A124),1):OFFSET(F$58,-(F$4+1),1))/SUM(OFFSET(F$58,-(F$4+$A124),0):OFFSET(F$58,-(F$4+1),0)),SUM(G$5:OFFSET(F$58,-(F$4+1),1))/SUM(F$5:OFFSET(F$58,-(F$4+1),0))),"") | G124: =IFERROR(IF(G$4<$BD$4-$A124,SUM(OFFSET(G$58,-(G$4+$A124),1):OFFSET(G$58,-(G$4+1),1))/SUM(OFFSET(G$58,-(G$4+$A124),0):OFFSET(G$58,-(G$4+1),0)),SUM(H$5:OFFSET(G$58,-(G$4+1),1))/SUM(G$5:OFFSET(G$58,-(G$4+1),0))),"") | H124: =IFERROR(IF(H$4<$BD$4-$A124,SUM(OFFSET(H$58,-(H$4+$A124),1):OFFSET(H$58,-(H$4+1),1))/SUM(OFFSET(H$58,-(H$4+$A124),0):OFFSET(H$58,-(H$4+1),0)),SUM(I$5:OFFSET(H$58,-(H$4+1),1))/SUM(H$5:OFFSET(H$58,-(H$4+1),0))),"") | I124: =IFERROR(IF(I$4<$BD$4-$A124,SUM(OFFSET(I$58,-(I$4+$A124),1):OFFSET(I$58,-(I$4+1),1))/SUM(OFFSET(I$58,-(I$4+$A124),0):OFFSET(I$58,-(I$4+1),0)),SUM(J$5:OFFSET(I$58,-(I$4+1),1))/SUM(I$5:OFFSET(I$58,-(I$4+1),0))),"") | J124: =IFERROR(IF(J$4<$BD$4-$A124,SUM(OFFSET(J$58,-(J$4+$A124),1):OFFSET(J$58,-(J$4+1),1))/SUM(OFFSET(J$58,-(J$4+$A124),0):OFFSET(J$58,-(J$4+1),0)),SUM(K$5:OFFSET(J$58,-(J$4+1),1))/SUM(J$5:OFFSET(J$58,-(J$4+1),0))),"") | ... BC124: =IFERROR(IF(BC$4<$BD$4-$A124,SUM(OFFSET(BC$58,-(BC$4+$A124),1):OFFSET(BC$58,-(BC$4+1),1))/SUM(OFFSET(BC$58,-(BC$4+$A124),0):OFFSET(BC$58,-(BC$4+1),0)),SUM(BD$5:OFFSET(BC$58,-(BC$4+1),1))/SUM(BC$5:OFFSET(BC$58,-(BC$4+1),0))),"") -> 1.0007586
A125: 24 | B125: Volume | C125: =IFERROR(IF(C$4<$BD$4-$A125,SUM(OFFSET(C$58,-(C$4+$A125),1):OFFSET(C$58,-(C$4+1),1))/SUM(OFFSET(C$58,-(C$4+$A125),0):OFFSET(C$58,-(C$4+1),0)),SUM(D$5:OFFSET(C$58,-(C$4+1),1))/SUM(C$5:OFFSET(C$58,-(C$4+1),0))),"") | D125: =IFERROR(IF(D$4<$BD$4-$A125,SUM(OFFSET(D$58,-(D$4+$A125),1):OFFSET(D$58,-(D$4+1),1))/SUM(OFFSET(D$58,-(D$4+$A125),0):OFFSET(D$58,-(D$4+1),0)),SUM(E$5:OFFSET(D$58,-(D$4+1),1))/SUM(D$5:OFFSET(D$58,-(D$4+1),0))),"") | E125: =IFERROR(IF(E$4<$BD$4-$A125,SUM(OFFSET(E$58,-(E$4+$A125),1):OFFSET(E$58,-(E$4+1),1))/SUM(OFFSET(E$58,-(E$4+$A125),0):OFFSET(E$58,-(E$4+1),0)),SUM(F$5:OFFSET(E$58,-(E$4+1),1))/SUM(E$5:OFFSET(E$58,-(E$4+1),0))),"") | F125: =IFERROR(IF(F$4<$BD$4-$A125,SUM(OFFSET(F$58,-(F$4+$A125),1):OFFSET(F$58,-(F$4+1),1))/SUM(OFFSET(F$58,-(F$4+$A125),0):OFFSET(F$58,-(F$4+1),0)),SUM(G$5:OFFSET(F$58,-(F$4+1),1))/SUM(F$5:OFFSET(F$58,-(F$4+1),0))),"") | G125: =IFERROR(IF(G$4<$BD$4-$A125,SUM(OFFSET(G$58,-(G$4+$A125),1):OFFSET(G$58,-(G$4+1),1))/SUM(OFFSET(G$58,-(G$4+$A125),0):OFFSET(G$58,-(G$4+1),0)),SUM(H$5:OFFSET(G$58,-(G$4+1),1))/SUM(G$5:OFFSET(G$58,-(G$4+1),0))),"") | H125: =IFERROR(IF(H$4<$BD$4-$A125,SUM(OFFSET(H$58,-(H$4+$A125),1):OFFSET(H$58,-(H$4+1),1))/SUM(OFFSET(H$58,-(H$4+$A125),0):OFFSET(H$58,-(H$4+1),0)),SUM(I$5:OFFSET(H$58,-(H$4+1),1))/SUM(H$5:OFFSET(H$58,-(H$4+1),0))),"") | I125: =IFERROR(IF(I$4<$BD$4-$A125,SUM(OFFSET(I$58,-(I$4+$A125),1):OFFSET(I$58,-(I$4+1),1))/SUM(OFFSET(I$58,-(I$4+$A125),0):OFFSET(I$58,-(I$4+1),0)),SUM(J$5:OFFSET(I$58,-(I$4+1),1))/SUM(I$5:OFFSET(I$58,-(I$4+1),0))),"") | J125: =IFERROR(IF(J$4<$BD$4-$A125,SUM(OFFSET(J$58,-(J$4+$A125),1):OFFSET(J$58,-(J$4+1),1))/SUM(OFFSET(J$58,-(J$4+$A125),0):OFFSET(J$58,-(J$4+1),0)),SUM(K$5:OFFSET(J$58,-(J$4+1),1))/SUM(J$5:OFFSET(J$58,-(J$4+1),0))),"") | ... BC125: =IFERROR(IF(BC$4<$BD$4-$A125,SUM(OFFSET(BC$58,-(BC$4+$A125),1):OFFSET(BC$58,-(BC$4+1),1))/SUM(OFFSET(BC$58,-(BC$4+$A125),0):OFFSET(BC$58,-(BC$4+1),0)),SUM(BD$5:OFFSET(BC$58,-(BC$4+1),1))/SUM(BC$5:OFFSET(BC$58,-(BC$4+1),0))),"") -> 1.0007586
B127: Selected | C127: =IFERROR(AVERAGE(C119:C125),"") | D127: =IFERROR(AVERAGE(D119:D125),"") | E127: =IFERROR(AVERAGE(E119:E125),"") | F127: =IFERROR(AVERAGE(F119:F125),"") | G127: =IFERROR(AVERAGE(G119:G125),"") | H127: =IFERROR(AVERAGE(H119:H125),"") | I127: =IFERROR(AVERAGE(I119:I125),"") | J127: =IFERROR(AVERAGE(J119:J125),"") | ... BC127: =IFERROR(AVERAGE(BC119:BC125),"") -> 1.0007586
B128: Dev to Ultimate | C128: =IFERROR(D128*C127,"N/A ") -> N/A | D128: =IFERROR(E128*D127,"N/A ") -> N/A | E128: =IFERROR(F128*E127,"N/A ") -> N/A | F128: =IFERROR(G128*F127,"N/A ") -> N/A | G128: =IFERROR(H128*G127,"N/A ") -> N/A | H128: =IFERROR(I128*H127,"N/A ") -> N/A | I128: =IFERROR(J128*I127,"N/A ") -> N/A | J128: =IFERROR(K128*J127,"N/A ") -> N/A | ... BC128: =IFERROR(BD128*BC127,"N/A ") -> 1.0007586 | BD128: 1

Sheet Data
A1: Earn Month | B1: Earn Month Age | C1: Earned Points | D1: Redeemed Points | E1: Expired Points | F1: Observation Date
A2: 42186 | B2: 0 | C2: 16708588 | D2: 462048.37 | E2: 0 | F2: =EDATE(A2,B2) -> 42186
A3: 42186 | B3: 1 | C3: 16708588 | D3: 1044922.5 | E3: 0 | F3: =EDATE(A3,B3) -> 42217
A4: 42186 | B4: 2 | C4: 16708588 | D4: 1564841.2 | E4: 0 | F4: =EDATE(A4,B4) -> 42248
A5: 42186 | B5: 3 | C5: 16708588 | D5: 1947553.9 | E5: 0 | F5: =EDATE(A5,B5) -> 42278
A6: 42186 | B6: 4 | C6: 16708588 | D6: 2384321 | E6: 0 | F6: =EDATE(A6,B6) -> 42309
A7: 42186 | B7: 5 | C7: 16708588 | D7: 2757451.8 | E7: 0 | F7: =EDATE(A7,B7) -> 42339
A8: 42186 | B8: 6 | C8: 16708588 | D8: 2988268.2 | E8: 0 | F8: =EDATE(A8,B8) -> 42370
A9: 42186 | B9: 7 | C9: 16708588 | D9: 3400412.1 | E9: 0 | F9: =EDATE(A9,B9) -> 42401
A10: 42186 | B10: 8 | C10: 16708588 | D10: 3478190.2 | E10: 0 | F10: =EDATE(A10,B10) -> 42430
A11: 42186 | B11: 9 | C11: 16708588 | D11: 3824961.6 | E11: 0 | F11: =EDATE(A11,B11) -> 42461
A12: 42186 | B12: 10 | C12: 16708588 | D12: 4039652.4 | E12: 0 | F12: =EDATE(A12,B12) -> 42491
A13: 42186 | B13: 11 | C13: 16708588 | D13: 4892346.1 | E13: 0 | F13: =EDATE(A13,B13) -> 42522
... A1486: 43800 | B1486: 0 | C1486: 22025000 | D1486: 1541980 | E1486: 0 | F1486: =EDATE(A1486,B1486) -> 43800

Sheet Inputs
B2: First Earn Month | C2: 42186
B3: Latest Earn Month | C3: 43800
B4: Note: Both dates should be entered as the 1st of the month
